Cogmind - Beta 17 @@@ ROGUE MODE // 2026.08.03 @ 04:07:30 Player: H3-MLN Result: Destroyed by Q406-g with Heavy Hardcell Cannon Performance ------------- Evolutions (8) 4000 Regions Visited (26) 5200 Robots Destroyed (345) 1725 Value Destroyed (24961) 24961 Prototype IDs (84) 1680 Alien Tech Used (0) 0 Bonus (23606) 23606 TOTAL SCORE: 61172 Bonus ------- High Alert Combat Kills 4783 Follower Combat Kills 10763 Hunted by Unchained 500 Entered Garrisons 2000 Used RIF Installer 5500 Scanned by Researcher 500 Friendly Fire -440 Cogmind --------- Core Integrity 0/1450 Matter 300/300 Energy 1091/1300 System Corruption 19% Temperature Cool (58) Movement Core (1800) Ox35 Location -2/Testing Parts ------- > --- POWER (2) -------- (None) > --- PROPULSION (4) --- (None) > --- UTILITY (14) ----- Huge Storage Unit Experimental Energy Well Experimental Energy Well Advanced Target Analyzer Graphene Brace Relay Coupler [Swarmer] (21) Relay Coupler [Proto] (18) Improved System Guard > --- WEAPON (3) ------- Cooled Nova Cannon Vibroblade Vibroblade > --- INVENTORY (25) --- Experimental Matter Compressor (500) Long-range Terrain Scanner Advanced Terrain Scan Processor Advanced Weapon Cycler Relay Coupler [Sentry] (32) Relay Coupler [Heavy] (29) Relay Coupler [Proto] (21) Relay Coupler [Proto] (21) Relay Coupler [Proto] (22) Relay Coupler [Proto] (22) Relay Coupler [Proto] (22) Heavy Quantum Rifle Compact HERF Cannon Enhanced Nova Cannon Linear Accelerator Enhanced Hardcell Cannon Compact Tesla Bomb Launcher Advanced Remote Datajack Peak State ------------ > --- POWER ------------ Micro Antimatter Reactor Light Quantum Reactor > --- PROPULSION ------- Centrium Leg Myomer Exoskeleton > --- UTILITY ---------- Experimental Cooling System Experimental Coolant Injector Huge Storage Unit Advanced Weapon Cycler SHELL Armor Graphene Brace Relay Coupler [Swarmer] Relay Coupler [Grunt] Relay Coupler [Sentry] Relay Coupler [Behemoth] Relay Coupler [Proto] Improved System Guard > --- WEAPON ----------- Heavy Quantum Rifle Enhanced Nova Cannon Linear Accelerator > --- INVENTORY -------- Advanced Energy Well Experimental Energy Well Experimental Energy Well Experimental Matter Compressor Long-range Terrain Scanner Advanced Terrain Scan Processor Experimental Reaction Control System Experimental Force Field Relay Coupler [Sentry] Relay Coupler [Heavy] Relay Coupler [Proto] Relay Coupler [Proto] Relay Coupler [Proto] Relay Coupler [Proto] Relay Coupler [Proto] Compact HERF Cannon Cooled Nova Cannon Compact Tesla Bomb Launcher Advanced Remote Datajack Vibroblade Vibroblade [Rating: 207] Favorites ----------- Power Improved Quantum Reactor Engine Heavy Ion Engine Power Core Light Neutrino Core Reactor Improved Quantum Reactor Propulsion Light Treads Treads Light Treads Leg Biometal Leg Wheel Armored Wheel Hover Unit Combat Linear Gravjet Flight Unit Improved Flight Unit Utility Huge Storage Unit Device Experimental Heat Sink Storage Huge Storage Unit Processor Core Analyzer Hackware Relay Coupler [Grunt] Protection Improved Medium Armor Plating Weapon Gatling Laser Energy Gun Gatling Laser Energy Cannon Enhanced Nova Cannon Ballistic Gun Minigun Ballistic Cannon Linear Accelerator Launcher Mini Grenade Launcher Special Weapon Improved Remote Datajack Impact Weapon Heavy Mace Slashing Weapon Vibroblade Piercing Weapon Plasma Lance Special Melee Weapon Improved Datajack Build | -11 -10 -10 -9 -9 -8 -8 -7 -7 -6 -6 -6 -6 -6 -6 -5 -5 -5 -5 -4 -4 -4 -4 -3 -3 -2 -2 ------- Run | Yrd Mat Min Mat Min Mat Gar Fac Gar Fac Gar Fac Gar Fac Gar Fac Gar Fac Gar Fac Gar Fac Gar Res Gar Res Tes Slots Evolved 16 | . . . 2 . 2 . 2 . 2 . . . . . 2 . . . 2 . . . 2 . 2 . Power 1 | . . . . . . . . . . . . . . . . . . . . . . . . . 1 . Propulsion 2 | . . . 1 . 1 . . . . . . . . . . . . . . . . . . . . . Utility 12 | . . . 1 . . . 2 . 2 . . . . . 2 . . . 2 . . . 2 . 1 . Weapon 1 | . . . . . 1 . . . . . . . . . . . . . . . . . . . . . Parts Attached 337 | 6 10 3 31 1 14 9 10 8 14 19 5 31 4 11 7 16 2 16 13 16 8 18 11 11 4 39 Power 27 | 1 2 . 1 . 1 . . 2 1 2 2 3 . . 1 . . 1 2 1 . . . 2 . 5 Engine 8 | 1 2 . 1 . 1 . . . . 2 1 . . . . . . . . . . . . . . . Core 6 | . . . . . . . . 2 1 . 1 . . . 1 . . . . . . . . . . 1 Reactor 13 | . . . . . . . . . . . . 3 . . . . . 1 2 1 . . . 2 . 4 Propulsion 62 | 2 1 2 10 . 7 3 1 . 1 6 . 8 . 1 1 . . 1 3 2 . 4 . 3 1 5 Treads 35 | 2 . 1 7 . 7 1 . . . 5 . 3 . . . . . . 1 . . 2 . 3 1 2 Leg 15 | . . . . . . . . . . . . 5 . 1 1 . . 1 2 1 . 2 . . . 2 Wheel 10 | . 1 1 2 . . 2 1 . 1 1 . . . . . . . . . . . . . . . 1 Hover 1 | . . . . . . . . . . . . . . . . . . . . 1 . . . . . . Flight 1 | . . . 1 . . . . . . . . . . . . . . . . . . . . . . . Utility 164 | 1 4 1 8 . 2 3 5 4 8 7 2 14 3 9 4 13 2 9 6 11 5 9 10 4 2 18 Device 38 | . 1 1 1 . 1 1 1 2 3 3 . 1 . 3 2 2 . 1 2 . 2 . 2 . 1 8 Storage 14 | 1 2 . 2 . . . . . . . . . . . . . 1 . . . 1 . 3 . 1 3 Processor 12 | . 1 . 3 . . . 1 . 2 . . . . . . . . 1 . . . 1 1 . . 2 Hackware 76 | . . . 1 . . . 1 1 3 3 1 11 2 6 2 11 1 5 2 9 1 8 4 3 . 1 Protection 24 | . . . 1 . 1 2 2 1 . 1 1 2 1 . . . . 2 2 2 1 . . 1 . 4 Artifact . | . . . . . . . . . . . . . . . . . . . . . . . . . . . Weapon 84 | 2 3 . 12 1 4 3 4 2 4 4 1 6 1 1 1 3 . 5 2 2 3 5 1 2 1 11 Energy Gun 16 | . . . 1 . . . 3 . 3 2 . 2 1 . . 1 . . . . . . . . . 3 Energy Cannon 16 | . 3 . . . . . . . . . . . . . 1 1 . . 1 . 2 2 1 2 . 3 Ballistic Gun 27 | 2 . . 9 . 4 2 . 2 1 2 . 2 . . . . . 1 . 1 . 1 . . . . Ballistic Cannon 2 | . . . . . . . . . . . . . . . . 1 . . . . . . . . . 1 Launcher 4 | . . . 2 . . . . . . . . . . . . . . . . 1 . 1 . . . . Special Weapon 12 | . . . . . . . . . . . 1 2 . 1 . . . 3 . . 1 1 . . 1 2 Impact Weapon 1 | . . . . . . 1 . . . . . . . . . . . . . . . . . . . . Slashing Weapon 4 | . . . . 1 . . . . . . . . . . . . . 1 . . . . . . . 2 Piercing Weapon 1 | . . . . . . . . . . . . . . . . . . . 1 . . . . . . . Special Melee Weapon 1 | . . . . . . . 1 . . . . . . . . . . . . . . . . . . . Unidentified Prototypes 17 | . 2 . 2 . . . . . . . . 3 . . . . . . . . 1 . 5 1 2 1 Parts Lost 53 | . 1 2 3 . 1 . . 1 7 1 2 3 . . . . 1 4 1 3 2 . 1 . . 20 Power 11 | . . . . . . . . 1 . . . . . . . . . 2 . 1 1 . 1 . . 5 Propulsion 10 | . 1 2 1 . . . . . 2 . . 1 . . . . . . 1 . . . . . . 2 Utility 21 | . . . . . 1 . . . 2 . 1 2 . . . . 1 1 . 1 . . . . . 12 Weapon 11 | . . . 2 . . . . . 3 1 1 . . . . . . 1 . 1 1 . . . . 1 Highest Loss Streak 13 | . 1 1 2 . 1 . . 1 7 1 1 1 . . . . 1 2 1 1 1 . 1 . . 13 To Critical Strikes . | . . . . . . . . . . . . . . . . . . . . . . . . . . . Average Backups 23 | 1 10 13 23 24 24 24 22 21 20 21 21 22 23 24 24 24 24 24 23 24 23 23 23 23 23 23 Power . | . 1 1 1 1 . . . . . . . . 2 1 1 1 1 . . . . . . . . . Propulsion 3 | . 2 2 9 10 10 9 3 3 2 2 3 2 2 2 2 1 . . . 1 2 2 2 1 1 . Utility 12 | . 2 4 3 3 5 9 13 12 10 11 12 12 11 12 14 16 18 17 15 13 15 15 14 16 16 15 Weapon 6 | . 3 5 7 8 8 5 5 5 6 6 6 6 7 6 5 5 5 5 6 7 6 5 6 5 6 5 Tool/Special . | . . . . . . . . . . . . . . . . . . . . . . . . . . . Unused Backups 94 | . 2 1 10 . 8 6 6 7 . 4 . 12 . 3 . 1 . . . 3 2 3 3 4 2 17 Power 3 | . 1 . 1 . . . . . . . . 1 . . . . . . . . . . . . . . Propulsion 20 | . . . 1 . 5 3 5 . . . . 1 . 1 . . . . . 1 . 1 2 . . . Utility 47 | . . . 2 . 2 2 . 7 . 4 . 6 . 1 . 1 . . . 2 1 2 1 3 1 12 Weapon 23 | . 1 . 6 . 1 1 1 . . . . 4 . 1 . . . . . . 1 . . 1 1 5 Tool/Special 1 | . . 1 . . . . . . . . . . . . . . . . . . . . . . . . Average Slot Usage (%) 94 | . 94 100 99 100 99 100 91 91 91 92 92 93 97 99 99 99 99 99 98 99 99 94 89 89 82 82 Engine 3 | . 14 14 11 11 9 9 7 . . 5 3 . . . . . . . . . . . . . . . Core 1 | . . . . . . . . 5 6 . 2 3 . . 3 4 5 3 . . . . . . . . Reactor 2 | . . . . . . . . . . . . 2 6 6 1 . . 1 5 4 5 5 3 3 4 4 Treads 9 | . 17 13 20 22 27 20 14 15 10 11 13 8 . . . . . . . . . 5 9 9 8 7 Leg 7 | . . . . . . . . . . . . 7 26 26 22 22 23 23 20 21 21 10 . . . . Wheel 4 | . 10 14 12 11 8 15 7 7 7 6 6 4 . . . . . . . . . . . . . . Device 8 | . 8 14 8 10 9 7 7 13 13 17 13 3 . 7 6 10 11 5 4 3 7 3 2 3 5 14 Storage 7 | . 14 14 11 11 9 9 7 7 6 6 6 6 6 6 5 5 5 5 5 5 5 5 9 8 4 5 Processor 4 | . . . 7 . . . 6 1 1 6 6 6 6 6 5 5 5 10 10 6 5 8 9 8 4 1 Hackware 19 | . . . 2 . . . 1 . 12 9 14 22 25 22 33 29 28 27 34 36 31 35 37 35 34 27 Protection 4 | . . . 3 11 8 10 13 13 10 4 3 5 5 2 . . . . . 4 7 3 1 3 7 3 Energy Gun 5 | . . . 3 . . . 14 14 12 13 8 12 11 13 10 10 11 5 4 4 3 . . . . 2 Energy Cannon 2 | . 17 28 1 . . . . . . . . . . . . . . 2 . . . 7 9 10 8 4 Ballistic Gun 6 | . 10 . 16 21 26 24 7 6 5 3 6 1 . . . . . 1 3 4 4 3 . 1 . . Special Weapon 2 | . . . . . . . . . . . 3 4 5 6 5 5 5 4 5 4 4 3 3 1 3 1 Peak Build Rating 207 | 6 15 16 24 25 32 36 50 54 63 63 59 99 94 99 106 110 103 126 143 140 140 146 160 158 166 207 Average Rating 90 | 4 11 15 21 24 30 33 47 52 59 57 58 69 87 97 102 105 101 115 130 131 136 141 153 151 159 173 On Entrance 79 | . 6 15 16 24 24 32 35 47 54 63 58 59 94 90 99 101 102 103 118 138 134 139 140 141 156 160 Avg Prop Armor Cover (%) 13 | . 11 12 15 13 16 13 11 12 12 13 13 12 . . . . . . . . . . . . . . Naked Turns . | . . . . . . . . . . . . . . . . . . . . . . . . . . . Heaviest Build 168 | 14 57 57 106 106 110 113 128 126 123 108 113 117 115 121 109 109 100 119 135 124 124 148 152 148 147 168 Greatest Support 155 | 40 40 20 40 12 12 24 28 28 56 56 28 112 112 112 109 109 109 111 118 120 132 150 150 155 155 155 Greatest Overweight (x) 9 | 2 5 5 8 8 9 9 4 4 4 3 4 4 1 1 1 1 . 1 1 1 1 1 1 1 . 1 Average Overweight (x) 2 | . 2 4 6 8 8 5 3 3 3 2 3 2 . . . . . . . . . . . . . . Largest Inventory Capacity 25 | 8 20 20 25 25 25 25 25 25 25 25 25 25 25 25 25 25 25 25 25 25 25 25 25 25 25 25 Average Capacity 24 | 6 14 20 24 25 25 25 25 25 25 25 25 25 25 25 25 25 25 25 25 25 25 25 25 25 25 25 Most Carried 25 | 4 14 15 25 25 25 25 25 25 25 25 25 25 25 25 25 25 25 25 25 25 25 25 25 25 25 25 Average Carried 24 | 2 10 13 23 24 24 24 24 24 23 24 24 24 24 24 24 24 24 24 23 24 24 24 24 24 24 24 Final Capacity 25 | 8 20 20 25 25 25 25 25 25 25 25 25 25 25 25 25 25 25 25 25 25 25 25 25 25 25 25 Final Carried 25 | 4 14 12 25 25 25 25 25 25 24 25 24 25 25 25 25 25 25 24 25 25 25 25 25 25 25 18 Class Distribution -------------------- 26% | Botlord-Tank 26% | Botlord-Gunner 12% | Mutant 10% | Bothacker-Tank 6% | Tank 5% | Botlord-Mutant 3% | Scavenger-Mutant 3% | Commander-Gunner Dominant Class ---------------- Mutant | -10/Materials Mutant | -10/Mines Mutant | -9/Materials Mutant | -9/Mines Tank | -8/Materials Bothacker-Tank | -8/Garrison Bothacker-Tank | -7/Factory Bothacker-Tank | -7/Garrison Bothacker-Tank | -6/Factory Bothacker-Tank | -6/Garrison Botlord-Gunner | -6/Factory Botlord-Gunner | -6/Garrison Commander-Gunner | -6/Factory Botlord-Gunner | -6/Garrison Botlord-Gunner | -5/Factory Botlord-Gunner | -5/Garrison Botlord-Gunner | -5/Factory Botlord-Gunner | -5/Garrison Botlord-Gunner | -4/Factory Botlord-Tank | -4/Garrison Botlord-Tank | -4/Factory Botlord-Tank | -4/Garrison Botlord-Tank | -3/Research Botlord-Tank | -3/Garrison Botlord-Tank | -2/Research Botlord-Tank | -2/Testing Resources | -11 -10 -10 -9 -9 -8 -8 -7 -7 -6 -6 -6 -6 -6 -6 -5 -5 -5 -5 -4 -4 -4 -4 -3 -3 -2 -2 ----------- Run | Yrd Mat Min Mat Min Mat Gar Fac Gar Fac Gar Fac Gar Fac Gar Fac Gar Fac Gar Fac Gar Fac Gar Res Gar Res Tes Matter Collected 15187 | 225 292 30 1072 152 1007 1208 212 337 445 478 183 1007 85 601 35 989 30 581 445 665 448 831 902 610 532 1785 Remotely . | . . . . . . . . . . . . . . . . . . . . . . . . . . . Salvage Created 17498 | . 533 81 1529 175 1488 1163 521 637 1145 1426 340 311 . 418 . 366 . 224 235 602 53 836 564 2007 132 2712 Parts 802 | . 25 7 99 13 82 56 16 28 56 46 9 15 . 20 . 7 . 14 8 18 2 49 39 80 4 109 Haulers Intercepted 12 | . 2 . 6 . 4 . . . . . . . . . . . . . . . . . . . . . Recyclers Shooed 4 | . . . 1 1 . . . . . . 1 . . . . . . . . . . . 1 . . . Parts Field Recycled . | . . . . . . . . . . . . . . . . . . . . . . . . . . . Retrieved Matter . | . . . . . . . . . . . . . . . . . . . . . . . . . . . Parts Self-Destructed . | . . . . . . . . . . . . . . . . . . . . . . . . . . . Prevented . | . . . . . . . . . . . . . . . . . . . . . . . . . . . Parts Restored . | . . . . . . . . . . . . . . . . . . . . . . . . . . . Kills | -11 -10 -10 -9 -9 -8 -8 -7 -7 -6 -6 -6 -6 -6 -6 -5 -5 -5 -5 -4 -4 -4 -4 -3 -3 -2 -2 ------- Run | Yrd Mat Min Mat Min Mat Gar Fac Gar Fac Gar Fac Gar Fac Gar Fac Gar Fac Gar Fac Gar Fac Gar Res Gar Res Tes Combat Hostiles Destroyed 276 | . 7 4 25 5 20 23 10 15 22 23 4 11 . 7 . 8 . 2 4 5 1 12 9 25 . 34 Melee 11 | . . . . . . . . . . . . . . . . . . . . . . 4 . . . 7 Guns 141 | . 4 . 16 3 17 16 8 13 13 21 4 3 . 7 . 6 . . . 3 . 3 . 3 . 1 Cannons 63 | . 3 3 5 . . . . . . . . . . . . . . 1 3 . . 5 8 11 . 24 AOE 37 | . . . 4 2 3 5 . 1 9 . . 7 . . . . . . . 2 . . . 4 . . Classes Destroyed 25 | . 5 . 6 2 2 2 . . 1 . . 2 . 1 . 1 . 1 . . . . . . . 2 Worker 16 | . . . 4 1 5 . . . 2 . . . . . . . . . . . . . . . 1 3 Builder 3 | . . . . 1 . . . . 1 . . . . . . . . . . . . . 1 . . . Tunneler 4 | . . . 2 . 2 . . . . . . . . . . . . . . . . . . . . . Hauler 12 | . 2 . 6 . 4 . . . . . . . . . . . . . . . . . . . . . Recycler 8 | . 1 . . . 2 . 1 . 2 . 1 . . . . . . . . . . . . . 1 . Mechanic 1 | . . . 1 . . . . . . . . . . . . . . . . . . . . . . . Operator 4 | . . . 2 . . . 1 . . . . . . . . . . . . . . . . . . 1 Watcher 12 | . 3 . 3 . 3 . 1 . 1 . . . . . . . . . . . . . . 1 . . Swarmer 48 | . 1 3 6 . 3 3 3 1 9 5 . 7 . 1 . 2 . . . 1 . . . 1 . 2 Cutter 3 | . . . . . . . . . . . . . . . . 1 . . . . . . . 2 . . Saboteur 3 | . . . . . . . . . . . . . . 1 . 1 . . . . . . . . . 1 Grunt 95 | . 6 1 9 3 6 11 2 5 3 8 2 1 . 1 . 4 . . 3 4 . 1 1 15 . 9 Brawler 7 | . . . 1 . . 1 . 1 . 2 . . . 1 . . . . . . . 1 . . . . Duelist 7 | . . . . . . 1 1 . 1 2 . . . 1 . 1 . . . . . . . . . . Researcher 4 | . . . . . . . . . . . . . . . . . . . . . . . . . . 4 Sentry 34 | . . . 9 . 8 4 3 2 . 4 . . . . . . . . . . . 4 . . . . Specialist 12 | . . . . . 2 . . 1 4 . . . . . . . . . . . . . . . . 5 Hunter 19 | . . . . . 1 2 . 1 2 1 . . . . . . . . . . . 1 2 4 . 5 Programmer 40 | . . . . . . 1 1 4 2 1 1 1 . 3 . 1 . . 1 . 1 5 5 2 . 11 Heavy 2 | . . . . . . . . . 1 . . . . . . . . . . . . . 1 . . . Q-Series 1 | . . . . . . . . . . . . . . . . . . . . . . . . . . 1 Behemoth 5 | . . . . . . . . . . . . 1 . 1 . . . 2 . . . . . 1 . . Striker 1 | . . . . . . . . . . . . . . . . . . 1 . . . . . . . . Executioner 1 | . . . . . . . . . . . . 1 . . . . . . . . . . . . . . Assembled 2 | . . . . 2 . . . . . . . . . . . . . . . . . . . . . . Savage 1 | . . . . . . . . . . . 1 . . . . . . . . . . . . . . . Infiltrator 2 | . . . . . . . . . . 1 . . . . . . . . . . . . . 1 . . Best Kill Streak 17 | . 3 3 6 6 17 6 7 3 8 7 4 4 . 2 . 2 . 1 4 3 1 3 3 13 1 5 Combat Bots Only 13 | . 2 3 6 5 5 6 5 3 6 7 3 4 . 2 . 2 . 1 4 3 1 3 3 13 . 3 Max Kills in Single Turn 4 | . 1 1 2 1 4 2 2 2 2 2 1 3 . 2 . 1 . 1 1 1 1 2 1 3 1 1 Gunslinging 1 | . . . . . . . . 1 1 1 . . . 1 . . . . . . . . . . . . Exploded 3 | . . . 2 1 3 2 . 1 2 . . 3 . . . . . . . 1 . . . 2 . . Melee 1 | . . . . . . . . . . . . . . . . . . . . . . 1 . . . 1 Uniques/NPCs Destroyed . | . . . . . . . . . . . . . . . . . . . . . . . . . . . Combat | -11 -10 -10 -9 -9 -8 -8 -7 -7 -6 -6 -6 -6 -6 -6 -5 -5 -5 -5 -4 -4 -4 -4 -3 -3 -2 -2 -------- Run | Yrd Mat Min Mat Min Mat Gar Fac Gar Fac Gar Fac Gar Fac Gar Fac Gar Fac Gar Fac Gar Fac Gar Res Gar Res Tes Hostile Shots Fired 1763 | . 52 41 91 9 83 64 90 89 173 161 23 76 9 36 4 29 6 23 32 51 13 26 22 121 2 437 Missed 542 | . 12 7 19 2 21 19 32 30 53 53 7 20 7 19 3 10 1 14 9 15 5 6 9 35 . 134 Hits 1221 | . 40 34 72 7 62 45 58 59 120 108 16 56 2 17 1 19 5 9 23 36 8 20 13 86 2 303 Melee 6 | . . . . 1 . . . . . . . 1 . . . 3 . . . . . . . 1 . . Projectile 1215 | . 40 34 72 6 62 45 58 59 120 108 16 55 2 17 1 16 5 9 23 36 8 20 13 85 2 303 AOE 14 | . . 8 . . . . . . . . . . . 1 . . . 3 1 . . . . . . 1 Critical Strikes 48 | . 2 1 . . 3 1 . 2 2 . 1 3 . . . 3 1 . 2 3 . 2 . 3 . 19 Actively Blocked 16 | . . . . . . . . . . . . . . . . . . . . . . . . . . 16 Part Disruptions 6 | . . . . . . . . . 3 . 1 . . . . . . . . . . . . . . 2 Damage Taken 23487 | . 523 572 803 176 713 641 507 560 1769 1041 362 774 40 349 53 311 102 434 626 675 459 533 534 1874 45 9011 Core 3083 | . 51 157 64 8 95 53 5 36 151 131 36 154 . 18 12 66 41 90 65 59 25 117 30 144 . 1475 Absorbed by Shields 2655 | . . . 204 24 248 183 44 163 74 398 . 315 . 22 . 79 . 32 . 18 . 124 164 180 . 383 Reduced by Siege Mode 222 | . . . . . . . . . . . . . . . . . . . . . . . . 5 . 217 Redirected to Shielding 122 | . . . . . . . . . . . . . . . . . . . . . . . . 39 15 68 Ignored by Resistances 495 | . . . . . . . . 91 352 8 . . . . . . . . . 44 . . . . . . Regen/Repaired (Parts) 2119 | . . . 179 . 29 . 120 . 456 203 . . 68 . . . . . 323 . . . . . . 741 Core Remaining (%) 72 | 100 . 16 . 82 . 73 . 94 . . . . . 42 . . . 79 . . . 76 . 86 . . Volleys Fired 1433 | . 44 14 99 13 73 85 20 29 46 77 15 92 20 70 27 91 11 75 51 63 39 70 95 53 16 145 Largest 3 | . 2 2 2 2 3 3 3 3 3 3 3 3 1 2 2 2 2 2 2 2 2 3 3 3 2 3 Hottest 360 | . 136 136 136 50 75 80 185 188 195 223 193 245 5 165 198 165 165 198 158 123 158 280 280 360 240 360 Shots Fired 2476 | . 88 28 195 22 205 245 58 80 113 159 37 114 20 93 29 109 12 91 56 81 46 104 115 105 19 252 Gun 1423 | . 54 . 172 18 203 240 58 78 104 159 33 43 . 48 2 40 2 20 7 43 11 29 2 19 . 38 Cannon 482 | . 34 28 20 . . . . . . . . . . . 3 11 . 29 19 . 5 28 55 69 7 174 Launcher 41 | . . . 3 4 2 5 . 2 9 . . 6 . . . . . . . 3 . . . 7 . . Special 530 | . . . . . . . . . . . 4 65 20 45 24 58 10 42 30 35 30 47 58 10 12 40 Kinetic 925 | . 54 . 135 18 203 240 20 27 33 54 12 10 . . . . . 3 5 20 7 29 2 19 . 34 Thermal 975 | . 34 28 57 . . . 38 51 71 105 21 33 . 48 5 51 2 46 21 23 9 28 55 69 7 173 Explosive 31 | . . . 3 4 2 5 . 2 9 . . 6 . . . . . . . . . . . . . . Electromagnetic 15 | . . . . . . . . . . . . . . . . . . . . 3 . . . 7 . 5 Robot Hit Streak 43 | . 12 3 25 9 10 18 18 21 13 39 8 43 5 16 9 13 4 12 8 13 10 18 12 9 3 14 Robot Miss Streak 10 | . 5 4 5 1 9 4 8 7 3 6 4 2 2 10 2 4 1 3 4 2 6 3 4 9 2 4 Penetration Max 1 | . . . . . . . . . . . 1 1 . . . . . . . 1 1 1 . 1 . . Secondary Targets 27 | . 1 . 1 . 2 3 1 3 5 7 . 1 . 1 . 2 . . . . . . . . . . Max Gunslinging Chain 1 | . 1 . 1 . 1 1 1 1 1 1 . 1 . 1 . 1 . . . . . . . . . . Shots Hit Robots 1677 | . 54 13 117 12 113 148 43 70 89 145 29 87 14 63 21 63 9 58 32 63 29 72 65 54 11 203 Core Hits 754 | . 21 4 58 8 57 60 32 52 71 89 19 48 . 26 . 20 . 9 5 24 2 22 13 56 2 56 Critical Kills 13 | . 1 1 1 . 1 . . . . . . . . . . . . . 1 . 1 2 1 3 . 1 Critical Parts Destroyed 10 | . . . . 1 . 1 . . . 1 . . . . . . . . . . . 2 . 5 . . Critical Strikes 55 | . 1 1 3 1 1 1 . . 1 8 . 1 . 2 . 4 . 5 1 4 1 4 1 8 . 7 Burn 24 | . . . 2 . . . . . 1 7 . 1 . 2 . 4 . 5 . 2 . . . . . . Meltdown 6 | . . 1 1 . . . . . . . . . . . . . . . 1 . 1 . 1 . . 1 Destroy 16 | . 1 . . 1 1 . . . . 1 . . . . . . . . . . . 4 . 8 . . Blast 1 | . . . . . . . . . . . . . . . . . . . . . . . . . . 1 Smash 1 | . . . . . . 1 . . . . . . . . . . . . . . . . . . . . Sever 5 | . . . . . . . . . . . . . . . . . . . . . . . . . . 5 Impale 2 | . . . . . . . . . . . . . . . . . . . . 2 . . . . . . Melee Attacks 173 | . . . . 14 . 33 4 6 11 16 . . . . . . . 2 2 10 . 8 . . . 67 Thermal 2 | . . . . . . . . . . . . . . . . . . 2 . . . . . . . . Impact 35 | . . . . . . 33 . 2 . . . . . . . . . . . . . . . . . . Slashing 81 | . . . . 14 . . . . . . . . . . . . . . . . . . . . . 67 Piercing 20 | . . . . . . . . . . . . . . . . . . . 2 10 . 8 . . . . Sneak Attacks 36 | . . . . . . . 4 1 11 9 . . . . . . . 2 . . . 6 . . . 3 Combat Hostiles . | . . . . . . . . . . . . . . . . . . . . . . . . . . . Follow-up Attacks 6 | . . . . . . . . . . . . . . . . . . . . . . . . . . 6 Damage Inflicted 39152 | . 838 287 2261 504 2443 2630 1144 1722 2595 2557 791 1710 . 793 112 661 42 775 424 1693 251 1585 1188 3521 175 8450 Guns 19053 | . 448 . 1775 217 2081 2089 915 1586 1817 2557 680 1028 . 793 36 621 42 252 114 684 131 281 . 115 . 791 Cannons 10086 | . 390 287 307 . . . . . . . . . . . 76 40 . 523 310 . 110 794 1188 1690 175 4196 Explosions 5097 | . . . 179 287 362 374 229 136 778 . 111 682 . . . . . . . 243 . . . 1716 . . Melee 4906 | . . . . . . 167 . . . . . . . . . . . . . 766 . 510 . . . 3463 Ramming 10 | . . . . . . . . . . . . . . . . . . . . . 10 . . . . . Kinetic 9924 | . 448 . 1226 217 2081 2089 151 328 398 462 206 203 . . . . . 86 114 410 131 281 . 115 . 978 Thermal 19535 | . 390 287 856 . . . 837 1258 1419 2095 585 825 . 793 112 661 42 689 310 311 110 794 1188 1919 175 3879 Explosive 2954 | . . . 179 287 362 374 156 136 778 . . 682 . . . . . . . . . . . . . . Electromagnetic 1823 | . . . . . . . . . . . . . . . . . . . . 206 . . . 1487 . 130 Impact 167 | . . . . . . 167 . . . . . . . . . . . . . . . . . . . . Slashing 3463 | . . . . . . . . . . . . . . . . . . . . . . . . . . 3463 Piercing 1276 | . . . . . . . . . . . . . . . . . . . . 766 . 510 . . . . Highest Corruption 19 | . . . . . . 1 1 2 1 4 4 4 4 4 . 1 1 1 . . . . . . . 19 Average Corruption 4 | . . . . . . 1 1 1 1 3 4 4 4 4 . 1 1 1 . . . . . . . 9 Corruption Purged 7 | . . . . . . . . . . . . . . . . . . . . . . . . . . 7 Corruption Blocked 26 | . . . . . . . . . . . . . . . . . . 4 1 2 . 1 3 15 . . Effects 255 | . . . . . . 1 1 12 . 25 7 48 6 35 . 2 . 12 . . . . . . . 106 Message Errors 60 | . . . . . . 1 . 2 . 9 3 8 2 9 . . . 3 . . . . . . . 23 Matter Fused 45 | . . . . . . . . 3 . 6 1 7 2 2 . . . 1 . . . . . . . 23 Heat Flow Errors 33 | . . . . . . . 1 . . 4 . 5 . 6 . 1 . . . . . . . . . 16 Energy Discharges 26 | . . . . . . . . 1 . 3 . 6 1 5 . . . 1 . . . . . . . 9 Parts Rejected 2 | . . . . . . . . . . 1 . . . . . . . . . . . . . . . 1 Parts Fused 5 | . . . . . . . . . . . 1 . . . . 1 . . . . . . . . . 3 Data Loss (minor) 39 | . . . . . . . . 4 . 1 . 13 1 5 . . . 4 . . . . . . . 11 Data Loss (major) 16 | . . . . . . . . . . 1 . 2 . 3 . . . 3 . . . . . . . 7 Misfires 11 | . . . . . . . . 1 . . 1 3 . 4 . . . . . . . . . . . 2 Alerts 6 | . . . . . . . . . . . . 3 . . . . . . . . . . . . . 3 Misdirections 3 | . . . . . . . . . . . . . . . . . . . . . . . . . . 3 Weapon Failures 9 | . . . . . . . . 1 . . 1 1 . 1 . . . . . . . . . . . 5 Overload Shots . | . . . . . . . . . . . . . . . . . . . . . . . . . . . Overflow Damage 1182 | . . 2 12 8 4 108 113 . 17 . . 2 . . 31 . . . 65 20 . 43 71 15 15 656 Projectiles 307 | . . 2 . . . . . . . . . . . . 31 . . . 65 . . 43 71 15 15 65 Explosions 165 | . . . 12 8 4 9 113 . 17 . . 2 . . . . . . . . . . . . . . Melee 710 | . . . . . . 99 . . . . . . . . . . . . . 20 . . . . . 591 Knockbacks 3 | . . . . . . . . . . . . . . . . . . . . . . . . . . 3 Impact . | . . . . . . . . . . . . . . . . . . . . . . . . . . . Kinetic 3 | . . . . . . . . . . . . . . . . . . . . . . . . . . 3 Secondary . | . . . . . . . . . . . . . . . . . . . . . . . . . . . Self-Inflicted Damage 435 | . . . 88 97 . 55 . . 45 . . . . . . . . . . 48 . . . 102 . . Shots 19 | . . . 2 3 . 2 . . 1 . . . . . . . . . . 5 . . . 6 . . Rammed . | . . . . . . . . . . . . . . . . . . . . . . . . . . . Targets Rammed 1 | . . . . . . . . . . . . . . . . . . . . . 1 . . . . . Kicked 1 | . . . . . . . . . . . . . . . . . . . . . 1 . . . . . Crushed . | . . . . . . . . . . . . . . . . . . . . . . . . . . . Highest Temperature 496 | . 190 198 350 16 303 325 456 249 72 224 18 304 . 383 204 227 . 156 72 49 . 324 294 306 46 496 Average Temperature 84 | . 69 119 66 7 68 92 171 80 20 32 12 101 . 67 95 63 . 53 24 22 . 112 75 88 29 104 Received Heat Transfer 2942 | . 312 12 240 12 220 181 93 184 171 298 129 120 12 60 6 49 . 56 150 105 9 33 18 202 . 270 Effects 16 | . . . . . 2 1 9 . . 1 . . . 1 1 . . . . . . . . . . 1 Shutdowns 1 | . . . . . . . . . . . . . . 1 . . . . . . . . . . . . Energy Bleed 5 | . . . . . . 1 3 . . . . . . . 1 . . . . . . . . . . . Interference 8 | . . . . . 2 . 5 . . 1 . . . . . . . . . . . . . . . . Short Circuit 2 | . . . . . . . 1 . . . . . . . . . . . . . . . . . . 1 Siege Activations 3 | . . . . . . . . . . . . . . . . . . . . . . . . 1 . 2 Total Turns 51 | . . . . . . . . . . . . . . . . . . . . . . . . 7 . 44 Longest Duration 28 | . . . . . . . . . . . . . . . . . . . . . . . . 7 . 28 Martial Activations . | . . . . . . . . . . . . . . . . . . . . . . . . . . . Shielding Activations . | . . . . . . . . . . . . . . . . . . . . . . . . . . . Robots Disrupted 1 | . . . . . . . . . . . . . . . . . . . . . . . . 1 . . Combat Hostiles 1 | . . . . . . . . . . . . . . . . . . . . . . . . 1 . . Robots Corrupted 11 | . . . . . . 2 . . . . . . . . . . . . . . . . . 8 . 1 Combat Hostiles 10 | . . . . . . 2 . . . . . . . . . . . . . . . . . 7 . 1 Parts Fried 17 | . . . . . . 1 . . . . . . . . . . . . . 1 . . . 13 . 2 Impact Corruptions 3 | . . . . . . 3 . . . . . . . . . . . . . . . . . . . . Robots Melted 16 | . . 1 1 . . . 2 1 . 3 . 1 . . . 2 . 1 1 . 1 . 1 . . 1 Combat Hostiles 14 | . . 1 . . . . 2 1 . 2 . 1 . . . 2 . 1 1 . 1 . 1 . . 1 Parts Melted 72 | . . 2 1 . . . 5 8 6 17 4 3 . 5 . 4 . 1 3 1 1 . 3 . 1 7 Heat Transferred 32634 | . 703 518 1665 . . . 1725 2476 3375 5516 1100 1886 . 1923 174 1862 100 1431 259 1000 74 629 962 1556 148 3552 Parts Sabotaged 8 | . . . . . . . . . . . . 2 . . . 6 . . . . . . . . . . Parts Stolen . | . . . . . . . . . . . . . . . . . . . . . . . . . . . Parts Stripped . | . . . . . . . . . . . . . . . . . . . . . . . . . . . Power Chain Reactions 4 | . . . . . . . . . . . . . . . . . . . . 1 . . . 3 . . Alert | -11 -10 -10 -9 -9 -8 -8 -7 -7 -6 -6 -6 -6 -6 -6 -5 -5 -5 -5 -4 -4 -4 -4 -3 -3 -2 -2 ------- Run | Yrd Mat Min Mat Min Mat Gar Fac Gar Fac Gar Fac Gar Fac Gar Fac Gar Fac Gar Fac Gar Fac Gar Res Gar Res Tes Maximum Alert Level 5 | . . . 1 . 1 4 3 3 2 4 3 4 3 4 3 4 3 4 3 3 2 4 4 5 3 3 Low Security (%) 22 | 100 100 100 85 100 75 13 . . . . . . . . . . . . . . 89 14 . . . . Level 1 6 | . . . 14 . 24 25 . . 31 . . . . . . 5 . . . . 7 7 . . . 8 Level 2 27 | . . . . . . 30 92 23 68 25 . 17 6 15 71 53 79 18 97 49 3 19 3 . . 60 Level 3 27 | . . . . . . 23 7 76 . 40 100 31 93 21 28 22 20 55 2 50 . 44 35 28 100 31 Level 4 16 | . . . . . . 8 . . . 34 . 51 . 63 . 18 . 25 . . . 13 60 63 . . Level 5 . | . . . . . . . . . . . . . . . . . . . . . . . . 8 . . High Security . | . . . . . . . . . . . . . . . . . . . . . . . . . . . Max Security . | . . . . . . . . . . . . . . . . . . . . . . . . . . . Peak Influence 1627 | . 67 60 363 135 252 1173 803 1169 639 1534 1021 1544 794 1457 764 1237 854 1210 741 1026 538 1145 1260 1627 915 929 Initial 915 | . . . 7 135 . 111 615 556 613 443 805 658 794 483 764 375 648 590 634 486 538 12 643 846 915 396 Average 651 | . 19 20 110 22 141 565 559 880 485 969 932 1096 740 1083 651 747 670 970 659 761 65 695 1089 1302 802 639 Influence Increases 18180 | . 253 100 976 89 691 1082 490 643 817 1151 376 1206 26 1244 43 922 346 1155 493 710 228 1253 1254 901 19 1712 Destroy 0b10 Robot/C 7040 | . 140 80 500 60 400 480 200 380 540 560 160 300 . 400 20 200 120 300 160 100 60 360 260 500 . 760 Destroy 0b10 Robot/NC 405 | . 30 . 90 10 80 20 15 . 30 15 10 . . . 5 . 10 . 15 10 5 . 20 5 10 25 Destroy Leader 1084 | . 50 20 168 . 134 30 62 20 122 40 42 20 . 50 2 10 34 30 12 10 12 40 76 30 . 70 Allied During Kill 2524 | . . . . 3 . 1 . 17 44 112 101 216 . 378 10 117 164 300 107 25 57 389 312 38 . 133 Trap Triggered on 0b10 30 | . . . . . . . . . . . . . . . . . . . . . 30 . . . . . Successful Hack 437 | . . . 50 . 53 28 32 14 38 21 . 14 26 . . 26 8 28 7 28 2 . . 28 . 34 Disable Machine 675 | . . . 105 . 15 60 135 . . . 30 . . . . . . 60 . . . 15 75 . . 180 Anti-Garrison Action 4050 | . . . . . . 300 . 200 . 400 . 600 . 350 . 550 . 250 . 400 . 400 300 150 . 150 Destroy Structure 1500 | . 3 . 63 16 9 58 46 12 43 3 18 41 . 6 6 19 10 187 162 92 62 49 166 135 9 285 Partial Spotted 15 | . . . . . . . . . . . . . . . . . . . . . . . . . . 15 Lose Combat Pursuer 420 | . 30 . . . . 105 . . . . 15 15 . 60 . . . . 30 45 . . 45 15 . 60 Influence Decreases 17447 | . 253 80 648 437 520 80 868 269 1353 250 969 633 850 477 963 222 739 789 1008 379 1236 126 1270 403 942 1683 Entered New Map 8550 | . . . 13 213 . 60 558 239 556 190 729 283 720 207 693 162 589 254 576 209 488 6 502 283 712 308 Time Decay 4836 | . 243 60 585 224 510 . 310 . 392 . 130 . 110 . 230 . 120 . 262 . 287 . 428 . 230 715 Lost Part 520 | . 10 20 20 . 10 . . 10 70 10 20 30 . . . . 10 40 10 30 20 . 10 . . 200 Lost Ally 2236 | . . . . . . 20 . 20 60 50 90 320 20 270 40 60 20 220 160 140 16 120 330 120 . 160 Purge Threat 1305 | . . . 30 . . . . . 275 . . . . . . . . 275 . . 425 . . . . 300 Squads Dispatched 66 | . 1 1 1 . 1 . 4 . 7 . . . . . 2 . 4 . 2 . 4 . 18 . . 21 Investigation 7 | . 1 1 . . . . . . 1 . . . . . . . 1 . . . . . 1 . . 2 Extermination 16 | . . . . . . . 1 . 2 . . . . . 2 . . . 1 . 3 . 1 . . 6 Reinforcement 19 | . . . 1 . 1 . . . 4 . . . . . . . . . 1 . 1 . 7 . . 4 Assault 13 | . . . . . . . . . . . . . . . . . . . . . . . 7 . . 6 Garrison 11 | . . . . . . . 3 . . . . . . . . . 3 . . . . . 2 . . 3 Intercept . | . . . . . . . . . . . . . . . . . . . . . . . . . . . Searches Triggered . | . . . . . . . . . . . . . . . . . . . . . . . . . . . Unchained Authorized 1 | . . . . . . . . . . . . . . . . . . . . . . . 1 . . . Construction Impeded 5 | . . . . . . . . . 1 . . . . . . . . . . . . . 2 . . 2 Haulers Reinforced 2 | . . . . . . . . . . . . . . . . . . . . . . . 2 . . . Active Scanning Responses . | . . . . . . . . . . . . . . . . . . . . . . . . . . . Cargo Convoy Interrupts . | . . . . . . . . . . . . . . . . . . . . . . . . . . . Alert ID Control Effect 234 | . . . . . . . . . . . 4 23 1 11 9 22 3 12 23 14 10 21 39 2 . 40 Stealth | -11 -10 -10 -9 -9 -8 -8 -7 -7 -6 -6 -6 -6 -6 -6 -5 -5 -5 -5 -4 -4 -4 -4 -3 -3 -2 -2 --------- Run | Yrd Mat Min Mat Min Mat Gar Fac Gar Fac Gar Fac Gar Fac Gar Fac Gar Fac Gar Fac Gar Fac Gar Res Gar Res Tes Distress Signals 24 | . . . 4 1 4 . . . 1 1 1 . . . . . 1 . 3 . 1 . 4 1 . 2 Communications Jammed 3 | . . . . . . . . . 3 . . . . . . . . . . . . . . . . . Distress Signals . | . . . . . . . . . . . . . . . . . . . . . . . . . . . Times Spotted 716 | . 12 16 38 5 28 25 13 22 33 36 14 52 1 38 6 46 9 34 16 40 12 46 61 38 2 73 Peak Tracking Total 11 | . 4 8 5 2 5 5 3 4 10 9 4 7 1 7 4 4 5 9 5 8 3 7 8 11 1 5 Tactical Retreats 19 | . 1 . . . . 2 . . . . 1 1 . 3 . . . . 2 1 . . 3 1 . 4 Traps | -11 -10 -10 -9 -9 -8 -8 -7 -7 -6 -6 -6 -6 -6 -6 -5 -5 -5 -5 -4 -4 -4 -4 -3 -3 -2 -2 ------- Run | Yrd Mat Min Mat Min Mat Gar Fac Gar Fac Gar Fac Gar Fac Gar Fac Gar Fac Gar Fac Gar Fac Gar Res Gar Res Tes Traps Triggered 60 | . . . 2 . . 8 1 3 1 9 . 8 1 5 . 6 . 2 . 3 1 3 1 2 . 4 Indirectly 2 | . . . . . . . . . . . . . . . . . . . . . . . . 2 . . Trap Hack Attempts . | . . . . . . . . . . . . . . . . . . . . . . . . . . . Triggered . | . . . . . . . . . . . . . . . . . . . . . . . . . . . Disarmed . | . . . . . . . . . . . . . . . . . . . . . . . . . . . Reprogrammed . | . . . . . . . . . . . . . . . . . . . . . . . . . . . Reused . | . . . . . . . . . . . . . . . . . . . . . . . . . . . Traps Extracted . | . . . . . . . . . . . . . . . . . . . . . . . . . . . Installed . | . . . . . . . . . . . . . . . . . . . . . . . . . . . Triggered 3 | . . . . . . . . . . . . . . . . . . . . . 3 . . . . . Most Traps Carried 2 | . . . . . . 2 2 2 2 2 2 2 2 2 2 2 . . . . . . . . . . Machines | -11 -10 -10 -9 -9 -8 -8 -7 -7 -6 -6 -6 -6 -6 -6 -5 -5 -5 -5 -4 -4 -4 -4 -3 -3 -2 -2 ---------- Run | Yrd Mat Min Mat Min Mat Gar Fac Gar Fac Gar Fac Gar Fac Gar Fac Gar Fac Gar Fac Gar Fac Gar Res Gar Res Tes Machines Disabled 105 | . . . 7 . 1 8 9 2 . 6 2 8 . 6 . 7 . 8 . 6 . 8 7 5 . 15 Max in Single Turn 9 | . . . 2 . 1 1 9 1 . 1 2 2 . 1 . 1 . 1 . 1 . 1 . 1 . 1 Garrison Access 3 | . . . . . . . . . . . . . . . . . . . . . . . 2 . . 1 Garrison Relay 45 | . . . . . . 4 . 2 . 5 . 6 . 5 . 7 . 3 . 5 . 5 . 3 . . Machines Repaired . | . . . . . . . . . . . . . . . . . . . . . . . . . . . Machines Dismantled . | . . . . . . . . . . . . . . . . . . . . . . . . . . . Machines Sabotaged . | . . . . . . . . . . . . . . . . . . . . . . . . . . . Overloaded Fab Kills . | . . . . . . . . . . . . . . . . . . . . . . . . . . . Hacking | -11 -10 -10 -9 -9 -8 -8 -7 -7 -6 -6 -6 -6 -6 -6 -5 -5 -5 -5 -4 -4 -4 -4 -3 -3 -2 -2 --------- Run | Yrd Mat Min Mat Min Mat Gar Fac Gar Fac Gar Fac Gar Fac Gar Fac Gar Fac Gar Fac Gar Fac Gar Res Gar Res Tes Machines Accessed 98 | . 2 1 12 . 11 3 6 2 5 3 2 2 3 2 3 3 2 2 3 4 7 3 1 3 2 11 Terminals 62 | . 2 . 8 . 8 3 1 2 . 3 1 2 1 2 1 3 1 2 . 4 3 3 . 3 2 7 Fabricators 2 | . . . . . . . 1 . 1 . . . . . . . . . . . . . . . . . Repair Stations 13 | . . . 2 . 2 . 1 . 2 . . . 1 . 1 . . . 2 . 1 . . . . 1 Recycling Units 1 | . . . . . . . . . . . . . . . . . . . . . 1 . . . . . Scanalyzers 9 | . . . 2 . . . 2 . 1 . . . . . . . . . . . 1 . . . . 3 Garrison Access 10 | . . . . . 1 . 1 . 1 . 1 . 1 . 1 . 1 . 1 . 1 . 1 . . . Total Hacks 226 | . 4 1 43 . 33 4 19 3 12 4 3 3 6 4 7 4 7 4 7 12 13 6 2 4 2 19 Successful 112 | . . 1 30 . 19 3 11 2 6 2 1 1 3 . 1 3 2 2 5 2 5 1 1 2 . 9 Failed 112 | . 4 . 13 . 14 1 7 1 6 2 2 2 3 4 6 1 5 2 2 10 8 5 1 2 2 9 Catastrophic 31 | . 1 . 2 . 2 1 1 . 2 1 2 . . 1 3 1 1 . 1 1 2 2 1 1 2 3 Database Lockouts 2 | . . . . . . . 1 . . . . . . . . . . . . . . . . . . 1 Manual 74 | . 4 . 22 . 21 1 2 . 2 . 1 . 1 . 3 1 5 1 1 . 3 . 1 . 1 4 Terminals 134 | . 4 . 31 . 28 4 2 3 . 4 1 3 1 4 3 4 1 4 . 12 4 6 . 4 2 9 Fabricators 3 | . . . . . . . 2 . 1 . . . . . . . . . . . . . . . . . Repair Stations 36 | . . . 9 . 4 . 5 . 6 . . . 3 . 2 . . . 5 . 1 . . . . 1 Recycling Units 1 | . . . . . . . . . . . . . . . . . . . . . 1 . . . . . Scanalyzers 28 | . . . 3 . . . 9 . 2 . . . . . . . . . . . 5 . . . . 9 Garrison Access 23 | . . . . . 1 . 1 . 3 . 2 . 2 . 2 . 6 . 2 . 2 . 2 . . . Terminal Hacks 40 | . . 1 11 . 6 3 1 2 . 2 . 1 . . . 2 . 2 . 2 1 1 . 2 . 3 Robot Analysis 3 | . . . 2 . 1 . . . . . . . . . . . . . . . . . . . . . Prototype ID Bank 4 | . . . 2 . 2 . . . . . . . . . . . . . . . . . . . . . Open Door 5 | . . 1 . . . 1 . . . 1 . . . . . . . . . . . 1 . . . 1 Branch Access Points 2 | . . . 1 . 1 . . . . . . . . . . . . . . . . . . . . . Emergency Access Points 7 | . . . . . . 1 . 1 . 1 . 1 . . . . . 1 . 1 . . . 1 . . Unreport Threat 4 | . . . 1 . . . . . . . . . . . . . . . . . 1 . . . . 2 Locate Traps 4 | . . . 2 . 2 . . . . . . . . . . . . . . . . . . . . . Hauler Manifests 1 | . . . 1 . . . . . . . . . . . . . . . . . . . . . . . Registered Components 1 | . . . 1 . . . . . . . . . . . . . . . . . . . . . . . Registered Prototypes 1 | . . . 1 . . . . . . . . . . . . . . . . . . . . . . . Zone Layout 1 | . . . . . . . 1 . . . . . . . . . . . . . . . . . . . Garrison Registry 5 | . . . . . . 1 . 1 . . . . . . . 1 . 1 . . . . . 1 . . Patrol Navigation 2 | . . . . . . . . . . . . . . . . 1 . . . 1 . . . . . . Fabricator Hacks . | . . . . . . . . . . . . . . . . . . . . . . . . . . . Repair Station Hacks 24 | . . . 8 . 4 . 3 . 3 . . . 2 . . . . . 4 . . . . . . . Scan Component 13 | . . . 4 . 2 . 2 . 2 . . . 1 . . . . . 2 . . . . . . . Repair 11 | . . . 4 . 2 . 1 . 1 . . . 1 . . . . . 2 . . . . . . . Recycling Unit Hacks . | . . . . . . . . . . . . . . . . . . . . . . . . . . . Scanalyzer 16 | . . . 3 . . . 5 . 1 . . . . . . . . . . . 3 . . . . 4 Insert Component 4 | . . . . . . . 2 . . . . . . . . . . . . . 2 . . . . . Analyze 1 | . . . . . . . . . . . . . . . . . . . . . 1 . . . . . Retrieve Study 11 | . . . 3 . . . 3 . 1 . . . . . . . . . . . . . . . . 4 Garrison Access Hacks 11 | . . . . . 1 . 1 . 2 . 1 . 1 . 1 . 1 . 1 . 1 . 1 . . . Unlock Access 10 | . . . . . 1 . 1 . 1 . 1 . 1 . 1 . 1 . 1 . 1 . 1 . . . Coupler Status 1 | . . . . . . . . . 1 . . . . . . . . . . . . . . . . . Unauthorized Hacks 21 | . . . 8 . 8 . 1 . . . . . . . . 1 1 . . . . . . . . 2 Terminals 18 | . . . 8 . 8 . . . . . . . . . . 1 . . . . . . . . . 1 Track 1 | . . . . . . . . . . . . . . . . . . . . . . . . . . 1 Botnet 5 | . . . 2 . 2 . . . . . . . . . . 1 . . . . . . . . . . Operators 2 | . . . 1 . 1 . . . . . . . . . . . . . . . . . . . . . Skim 10 | . . . 5 . 5 . . . . . . . . . . . . . . . . . . . . . Fabricators . | . . . . . . . . . . . . . . . . . . . . . . . . . . . Repair Stations 1 | . . . . . . . 1 . . . . . . . . . . . . . . . . . . . Mechanics 1 | . . . . . . . 1 . . . . . . . . . . . . . . . . . . . Recycling Units . | . . . . . . . . . . . . . . . . . . . . . . . . . . . Scanalyzers 1 | . . . . . . . . . . . . . . . . . . . . . . . . . . 1 Researchers 1 | . . . . . . . . . . . . . . . . . . . . . . . . . . 1 Garrison Access 1 | . . . . . . . . . . . . . . . . . 1 . . . . . . . . . Reprogram 1 | . . . . . . . . . . . . . . . . . 1 . . . . . . . . . Data Cores Recovered 4 | . . . 1 . . . . . . . . . . . . . . . . . . . 2 . . 1 Used 1 | . . . . . . . . . . . . . . . . . . . . . . . . . . 1 Hacking Detections 90 | . 2 . 11 . 9 2 5 2 5 3 2 2 3 2 3 3 2 2 2 4 7 3 1 3 2 10 Full Trace Events 6 | . 1 . 1 . . . . . 1 1 . . . . . . . . . 1 . 1 . . . . Feedback Events 1 | . . . . . . . . . . . . . . . . . . . . 1 . . . . . . Corruption 1 | . . . . . . . . . . . . . . . . . . . . 1 . . . . . . Feedback Blocked . | . . . . . . . . . . . . . . . . . . . . . . . . . . . Robot Schematics Acquired 7 | . . . . . . . . . . . . . . . . . . . . . . . . . . 7 Robots Built . | . . . . . . . . . . . . . . . . . . . . . . . . . . . Authchips . | . . . . . . . . . . . . . . . . . . . . . . . . . . . Time . | . . . . . . . . . . . . . . . . . . . . . . . . . . . Total Robot Build Rating . | . . . . . . . . . . . . . . . . . . . . . . . . . . . Part Schematics Acquired 25 | . . . . . . . . . . . . . . . . . . . . . 1 . . . . 24 Parts Built . | . . . . . . . . . . . . . . . . . . . . . . . . . . . Authchips . | . . . . . . . . . . . . . . . . . . . . . . . . . . . Time . | . . . . . . . . . . . . . . . . . . . . . . . . . . . Total Part Build Rating . | . . . . . . . . . . . . . . . . . . . . . . . . . . . Part Studies Acquired 11 | . . . 3 . . . 3 . 1 . . . . . . . . . . . . . . . . 4 Parts Repaired 11 | . . . 4 . 2 . 1 . 1 . . . 1 . . . . . 2 . . . . . . . Time 483 | . . . 118 . 70 . 53 . 44 . . . 22 . . . . . 176 . . . . . . . Parts Recycled . | . . . . . . . . . . . . . . . . . . . . . . . . . . . Recycled Matter . | . . . . . . . . . . . . . . . . . . . . . . . . . . . Retrieved Matter . | . . . . . . . . . . . . . . . . . . . . . . . . . . . Retrieved Components . | . . . . . . . . . . . . . . . . . . . . . . . . . . . Parts Scanalyzed 3 | . . . . . . . 1 . . . . . . . . . . . . . 2 . . . . . Part Schematics Acquired 1 | . . . . . . . . . . . . . . . . . . . . . 1 . . . . . Parts Damaged . | . . . . . . . . . . . . . . . . . . . . . . . . . . . Bothacking | -11 -10 -10 -9 -9 -8 -8 -7 -7 -6 -6 -6 -6 -6 -6 -5 -5 -5 -5 -4 -4 -4 -4 -3 -3 -2 -2 ------------ Run | Yrd Mat Min Mat Min Mat Gar Fac Gar Fac Gar Fac Gar Fac Gar Fac Gar Fac Gar Fac Gar Fac Gar Res Gar Res Tes Used RIF Installer 11 | . . . . . . 2 . 1 . 1 . 1 . 1 . 1 . 1 . 1 . 1 . 1 . . Coupler Efficiency 2 | . . . . . . . . . . . . 1 . . . . . . . . . . . 1 . . Hotswap 1 | . . . . . . . . . . . . . . . . 1 . . . . . . . . . . Code Merge 1 | . . . . . . . . . . . . . . . . . . . . 1 . . . . . . Zone Cloak 1 | . . . . . . . . . . . . . . . . . . . . . . 1 . . . . Robot Detection 1 | . . . . . . . . . . . . . . 1 . . . . . . . . . . . . Alert ID Control 1 | . . . . . . . . . . 1 . . . . . . . . . . . . . . . . Structural Interface 1 | . . . . . . 1 . . . . . . . . . . . . . . . . . . . . Autooverride 2 | . . . . . . . . 1 . . . . . . . . . 1 . . . . . . . . Robots Hacked 289 | . . . . . . . 3 3 5 10 3 23 6 15 10 28 7 19 15 23 16 26 34 13 4 26 Non-combat 61 | . . . . . . . 3 . 3 2 1 . 4 . 6 . 3 2 10 . 10 1 12 . 3 1 Combat 228 | . . . . . . . . 3 2 8 2 23 2 15 4 28 4 17 5 23 6 25 22 13 1 25 Autooverrided 57 | . . . . . . . . . 2 2 1 2 . 1 . 8 1 3 . 8 . 9 8 7 . 5 Robot Hacks Applied 290 | . . . . . . . 4 3 9 8 2 24 13 14 16 21 7 20 19 18 20 19 35 6 7 25 parse_system 23 | . . . . . . . . . 1 1 . 4 1 2 1 2 . 2 1 1 1 1 1 . 1 3 find_chute 5 | . . . . . . . 1 . 1 . . . . . 1 . . . 2 . . . . . . . deconstruct_machine 2 | . . . . . . . . . . . . . . . . . . . 2 . . . . . . . ignore_repairs 7 | . . . . . . . . . . . . . . . 2 . . . . . 3 . 1 . 1 . map_walls 8 | . . . . . . . 1 . . . . . 1 . 2 . . . 1 . 1 . . . 2 . map_earth 1 | . . . . . . . . . . . . . . . . . . . . . 1 . . . . . find_fabricator 4 | . . . . . . . . . . . . . 1 . 1 . . . 1 . . . 1 . . . find_dsf 1 | . . . . . . . . . . . . . 1 . . . . . . . . . . . . . drop_inventory 11 | . . . . . . . . . . . . . 1 . 1 . 1 . 1 . 2 . 4 . . 1 locate_stockpiles 2 | . . . . . . . . . . . . . 1 . 1 . . . . . . . . . . . find_recycling 6 | . . . . . . . 1 . . . . . 1 . . . 1 . . . 1 . 1 . 1 . ignore_parts 10 | . . . . . . . 1 . . . 1 . 1 . . . . . 4 . . . 2 . 1 . find_station 1 | . . . . . . . . . 1 . . . . . . . . . . . . . . . . . purge_threat 6 | . . . . . . . . . 2 . . . . . . . . 2 . . 2 . . . . . locate_traps 3 | . . . . . . . . . 1 . . . . . . . . 1 . . 1 . . . . . reprogram_traps 1 | . . . . . . . . . . . . . . . . . . . . . 1 . . . . . block_reporting 1 | . . . . . . . . . . . . . . . . . . . . . . . 1 . . . summon_haulers 2 | . . . . . . . . . 1 . . . . . . . . 1 . . . . . . . . map_route 1 | . . . . . . . . . . . . . . . . . . . . . . . 1 . . . mark_security 1 | . . . . . . . . . . . . . . . . . . . . . . . 1 . . . redirect_shields 1 | . . . . . . . . . . . . . . . . . . . . . . . 1 . . . disable_scanner 3 | . . . . . . . . . . . . . . . . . . . . . . . . . . 3 report_schematics 1 | . . . . . . . . . . . . . . . . . . . . . . . . . . 1 report_analyses 1 | . . . . . . . . . . . . . . . . . . . . . . . . . . 1 find_garrison 7 | . . . . . . . . . . . . . 1 . 1 . 1 . 1 . 1 . 2 . . . link_fov 3 | . . . . . . . . . . . . . . . 1 . 1 . . . 1 . . . . . focus_fire 1 | . . . . . . . . . . . . . . . . . . . . . . . 1 . . . scatter_targeting 1 | . . . . . . . . . . . . . . . . . . . . . . . 1 . . . mark_system 1 | . . . . . . . . . . . . . . . 1 . . . . . . . . . . . overload_power 2 | . . . . . . . . . . . . . . . . . . . . . . . 1 . . 1 amplify_resonance 28 | . . . . . . . . . . . . 1 . 2 1 5 . 2 . 7 . 2 3 2 . 3 disable_weapons 9 | . . . . . . . . . . . . 1 . 1 . . 1 1 1 2 . 1 1 . . . reboot_system 7 | . . . . . . . . 1 . . . . . . . 1 . 1 . . . 2 1 1 . . overwrite_iff 35 | . . . . . . . . 1 . . . 6 . 1 . 4 1 4 2 1 1 3 4 1 . 6 streamctrl_high 2 | . . . . . . . . . . . . . . 1 . . . 1 . . . . . . . . formatsys_low 13 | . . . . . . . . . 2 2 . . 3 . 1 . . . 1 . . 1 1 . . 2 formatsys_high 79 | . . . . . . . . 1 . 5 1 12 1 7 2 9 1 5 2 7 4 9 6 2 1 4 Relay Couplers Released 192 | . . . . . . 19 . 10 . 18 . 27 . 18 . 30 . 14 . 19 . 23 1 11 . 2 Machine Destruction 182 | . . . . . . 16 . 7 . 18 . 23 . 18 . 30 . 14 . 19 . 23 1 11 . 2 Programmers 10 | . . . . . . 3 . 3 . . . 4 . . . . . . . . . . . . . . Attached 73 | . . . . . . . 1 1 3 3 1 11 2 6 2 11 1 5 2 9 1 8 2 3 . 1 Merged Code Value 192 | . . . . . . . . . . . . . . . . . . . . 42 . 104 . 40 6 . Fabnet Peak Effective % . | . . . . . . . . . . . . . . . . . . . . . . . . . . . Robots Rewired 42 | . . . . . . 2 . . . 2 . 14 . 6 . 9 . 2 1 1 . 5 . . . . Allies Hacked 3 | . . . . . . . . . . . . . . 1 1 . . . . . 1 . . . . . Hacks Repelled . | . . . . . . . . . . . . . . . . . . . . . . . . . . . Allies | -11 -10 -10 -9 -9 -8 -8 -7 -7 -6 -6 -6 -6 -6 -6 -5 -5 -5 -5 -4 -4 -4 -4 -3 -3 -2 -2 -------- Run | Yrd Mat Min Mat Min Mat Gar Fac Gar Fac Gar Fac Gar Fac Gar Fac Gar Fac Gar Fac Gar Fac Gar Res Gar Res Tes Total Allies 236 | . . . . 1 . 2 . 2 4 13 2 34 4 20 3 30 4 15 6 17 5 26 18 12 1 17 Largest Group 23 | . . . . 1 . 2 . 1 4 8 9 23 19 20 13 17 12 13 13 8 9 15 18 2 1 3 Highest-Rated Group 990 | . . . . 31 . 51 . 29 93 241 270 727 546 634 492 964 777 824 725 496 561 821 990 124 64 406 Highest-Rated Ally 344 | . . . . 31 . 31 . 29 29 80 38 47 43 80 80 119 119 119 109 148 95 119 142 62 64 344 Total Orders 54 | . . . . . . 1 . . 1 4 . . 1 2 1 7 . 19 . 9 . 3 . . . 6 STAY 28 | . . . . . . 1 . . . 1 . . . 1 . 5 . 10 . 5 . 1 . . . 4 ROAM 3 | . . . . . . . . . . . . . . . . . . 2 . 1 . . . . . . FOLLOW 17 | . . . . . . . . . . 1 . . . 1 . 2 . 7 . 3 . 1 . . . 2 AID 4 | . . . . . . . . . 1 2 . . . . . . . . . . . 1 . . . . PICKUP 2 | . . . . . . . . . . . . . 1 . 1 . . . . . . . . . . . Ally Attacks 1434 | . . . . . . 4 . 19 35 25 56 141 5 110 27 99 28 91 86 77 63 111 289 43 . 125 Total Damage 46463 | . . . . . . 215 . 345 418 814 1291 3248 59 3163 660 2395 1038 3463 3079 2214 1740 4545 9444 955 . 7377 Kills 340 | . . . . . . 1 . 4 5 5 9 27 1 29 11 29 12 25 30 14 14 29 52 2 . 41 Allies Corrupted 12 | . . . . . . . . . . . . . . . 1 . . 1 1 . 1 . 5 . . 3 Allies Melted 4 | . . . . . . . . . . . . . . . . 1 . 1 . 2 . . . . . . Intel | -11 -10 -10 -9 -9 -8 -8 -7 -7 -6 -6 -6 -6 -6 -6 -5 -5 -5 -5 -4 -4 -4 -4 -3 -3 -2 -2 ------- Run | Yrd Mat Min Mat Min Mat Gar Fac Gar Fac Gar Fac Gar Fac Gar Fac Gar Fac Gar Fac Gar Fac Gar Res Gar Res Tes Active Infowar (turns) 4801 | . 55 . 1691 . . . . . 141 608 58 . . . 271 1600 248 129 . . . . . . . . Optics 337 | . . . 120 . . . . . 111 106 . . . . . . . . . . . . . . . . T.N.C. 1626 | . 55 . 1571 . . . . . . . . . . . . . . . . . . . . . . . Jamming 2838 | . . . . . . . . . 30 502 58 . . . 271 1600 248 129 . . . . . . . . Robot Analysis Total 3 | . . . 2 . 1 . . . . . . . . . . . . . . . . . . . . . Derelict Logs Recovered 1 | . . . . 1 . . . . . . . . . . . . . . . . . . . . . . Drone Launches . | . . . . . . . . . . . . . . . . . . . . . . . . . . . Drone Recoveries . | . . . . . . . . . . . . . . . . . . . . . . . . . . . Exploration | -11 -10 -10 -9 -9 -8 -8 -7 -7 -6 -6 -6 -6 -6 -6 -5 -5 -5 -5 -4 -4 -4 -4 -3 -3 -2 -2 ------------- Run | Yrd Mat Min Mat Min Mat Gar Fac Gar Fac Gar Fac Gar Fac Gar Fac Gar Fac Gar Fac Gar Fac Gar Res Gar Res Tes Turns Passed 30799 | 84 851 185 2498 1143 1627 1382 689 1200 929 1458 274 2168 235 1539 498 1857 248 1583 570 1432 1000 1507 1058 994 492 3298 Spaces Moved 15987 | 55 471 89 1033 512 586 563 353 547 471 758 142 1238 109 907 359 1236 187 1041 284 963 700 917 544 514 279 1129 Core 22 | 22 . . . . . . . . . . . . . . . . . . . . . . . . . . Treads 2858 | 33 75 . 1 . . . . . . . . . . . . . . . . . . 434 544 514 279 978 Legs 6760 | . . . . . . . . . . . . 340 109 907 359 1236 187 1041 284 963 700 483 . . . 151 Wheels 6347 | . 396 89 1032 512 586 563 353 547 471 758 142 898 . . . . . . . . . . . . . . Hover . | . . . . . . . . . . . . . . . . . . . . . . . . . . . Flight . | . . . . . . . . . . . . . . . . . . . . . . . . . . . Fastest Speed 50 | 50 95 110 101 210 210 150 135 135 105 105 135 115 115 115 115 115 115 112 112 112 115 110 145 145 152 110 Average Speed 142 | 129 137 150 190 210 223 165 148 146 139 132 137 132 116 139 115 115 115 117 113 114 116 128 145 149 152 155 Slowest Speed 320 | 160 160 155 240 210 225 225 160 150 150 135 150 320 175 180 176 179 115 177 183 183 185 225 225 225 152 237 Overloaded Moves . | . . . . . . . . . . . . . . . . . . . . . . . . . . . Propulsion Burnouts . | . . . . . . . . . . . . . . . . . . . . . . . . . . . Robots Hopped 1 | . . . . . . . . . . . . . 1 . . . . . . . . . . . . . Potential Cave-ins 3 | . . . . . . . . . . . . . . . . . . . . . . . . . . 3 Cave-ins Triggered . | . . . . . . . . . . . . . . . . . . . . . . . . . . . Exploration Rate (%) 52 | 4 70 19 85 96 62 79 11 65 17 98 6 98 4 97 11 97 10 83 9 95 20 96 27 68 9 86 Regions Visited 26 Branch Regions 3 Pre-discovered Areas 2 | . . . 1 . 1 . . . . . . . . . . . . . . . . . . . . . Known Exits Taken 12 | . . . 1 1 1 . 1 . 1 . 1 . 1 . 1 . 1 . 1 . 1 . 1 . . . Unknown Exits Taken 4 | 1 1 1 . . . . . . . . . . . . . . . . . . . . . . 1 . Scrap Searched 1 | . . . . 1 . . . . . . . . . . . . . . . . . . . . . . Spaces Dug 61 | . . . . . . 18 . . . . . . . . 1 7 . 3 8 . 2 . 11 6 1 4 Terrain Destroyed 524 | . . . 95 26 7 28 56 2 42 2 17 42 . . 1 8 . 6 16 23 4 9 27 42 3 68 Melee 21 | . . . . . . 18 . . . . . . . . . . . . 2 . . . . . . 1 Projectile 163 | . . . . . . . . . . 2 2 . . . 1 8 . 6 14 4 4 9 27 16 3 67 AOE 340 | . . . 95 26 7 10 56 2 42 . 15 42 . . . . . . . 19 . . . 26 . . Terrain Rammed . | . . . . . . . . . . . . . . . . . . . . . . . . . . . Walls Destroyed . | . . . . . . . . . . . . . . . . . . . . . . . . . . . Machines Disabled . | . . . . . . . . . . . . . . . . . . . . . . . . . . . Actions | -11 -10 -10 -9 -9 -8 -8 -7 -7 -6 -6 -6 -6 -6 -6 -5 -5 -5 -5 -4 -4 -4 -4 -3 -3 -2 -2 --------- Run | Yrd Mat Min Mat Min Mat Gar Fac Gar Fac Gar Fac Gar Fac Gar Fac Gar Fac Gar Fac Gar Fac Gar Res Gar Res Tes Total 22079 | 65 587 112 1386 547 796 814 473 880 635 1068 190 1707 204 1115 430 1599 213 1326 494 1216 859 1170 740 661 341 2451 Wait 3026 | 1 42 4 148 2 84 27 62 240 69 90 19 187 66 75 28 196 12 158 115 118 80 107 51 42 26 977 Move 15967 | 54 470 88 1032 511 586 562 353 546 471 757 142 1237 107 906 359 1235 186 1040 283 962 700 916 544 513 278 1129 Hop 1 | . . . . . . . . . . . . . 1 . . . . . . . . . . . . . Pick Up 281 | 4 11 2 34 2 14 13 8 11 9 14 2 30 1 14 3 14 1 7 9 10 6 12 10 13 5 22 Fast Attach 158 | 6 7 . 15 . 3 . 4 2 2 5 2 13 4 2 3 16 . 6 9 5 7 3 12 5 3 24 Attach 114 | . 1 3 4 . 3 1 4 3 10 3 1 9 2 4 1 7 1 7 7 4 3 2 1 5 2 26 Detach 21 | . 2 . . . . . . . 1 . . 1 1 . . . . 3 2 . . . . . . 11 Swap 298 | . 2 . 21 4 12 19 5 14 12 21 4 29 1 10 5 13 1 15 5 21 11 29 9 12 3 20 Drop 356 | . 8 1 33 1 21 13 13 16 4 21 5 35 1 14 4 21 1 11 11 13 12 16 18 18 8 37 Fire 1433 | . 44 14 99 13 73 85 20 29 46 77 15 92 20 70 27 91 11 75 51 63 39 70 95 53 16 145 Melee 166 | . . . . 14 . 33 4 6 11 16 . . . . . . . 2 2 10 . 8 . . . 60 Ram . | . . . . . . . . . . . . . . . . . . . . . . . . . . . Kick 1 | . . . . . . . . . . . . . . . . . . . . . 1 . . . . . Crush . | . . . . . . . . . . . . . . . . . . . . . . . . . . . Escape Stasis 222 | . . . . . . 48 . 13 . 64 . 55 . 20 . 5 . . . 10 . 7 . . . . Rewire 35 | . . . . . . 13 . . . . . 19 . . . 1 . 2 . . . . . . . . Trap . | . . . . . . . . . . . . . . . . . . . . . . . . . . . Miscellaneous . | . . . . . . . . . . . . . . . . . . . . . . . . . . . Route ------- -11/Scrapyard -10/Materials (discovered 2 exits: *Mat / *Min) -10/Mines -9/Materials (discovered 4 exits: *Mat x3 / *Min) -9/Mines (discovered 2 exits: *Mat x2) -8/Materials (discovered 6 exits: *Fac x3 / *Sto x2 / Gar) -8/Garrison (discovered 3 exits: *Fac x3) -7/Factory -7/Garrison (discovered 3 exits: *Fac x3) -6/Factory -6/Garrison (discovered 3 exits: *Fac x3) -6/Factory -6/Garrison (discovered 4 exits: *Fac x3 / *Fac) -6/Factory -6/Garrison (discovered 3 exits: *Fac x3) -5/Factory -5/Garrison (discovered 4 exits: *Fac x4) -5/Factory -5/Garrison (discovered 3 exits: *Fac x3) -4/Factory -4/Garrison (discovered 3 exits: *Fac x3) -4/Factory (discovered 2 exits: [*Upp] / Gar) -4/Garrison (discovered 3 exits: *Res x3) -3/Research -3/Garrison (discovered 3 exits: *Res x3) -2/Research -2/Testing (discovered 1 exit: [*Acc]) History --------- Turn | Location | Event 60 | -11/Scrapyard | Discovered new exit (range 16) 85 | -11/Scrapyard | Entered Materials 316 | -10/Materials | Build established: Mutant 348 | -10/Materials | Discovered new exit (range 10) 619 | -10/Materials | Discovered new exit (range 3) 936 | -10/Materials | Entered Mines 936 | -10/Mines | Discovered new exit (range 13) 996 | -10/Mines | Met a Derelict shopkeep closing up shop 1095 | -10/Mines | Assembled infested the area 1100 | -10/Mines | Assisted by a Guerilla fighting off Assembled 1102 | -10/Mines | Core integrity fell below 50% 1113 | -10/Mines | Core integrity fell below 20% 1121 | -10/Mines | Entered Materials 1121 | -9/Materials | Evolved 2 slots: Propulsion x1, Utility x1 1526 | -9/Materials | Discovered new exit (range 6) 1640 | -9/Materials | Identified exit to Mines 1723 | -9/Materials | Build established: Scavenger-Mutant 1952 | -9/Materials | Discovered new exit (range 14) 2514 | -9/Materials | Build established: Mutant 2838 | -9/Materials | Learned 4 Recycling zone layouts 2847 | -9/Materials | Discovered new exit (range 15) 2867 | -9/Materials | Learned 4 Recycling zone layouts 2886 | -9/Materials | Learned Storage emergency access door positions 2895 | -9/Materials | Learned location of 1 exit from Recycling 2897 | -9/Materials | Loaded intel: 31 trap records 2898 | -9/Materials | Learned Storage trap positions 2909 | -9/Materials | Identified exit to Materials 2928 | -9/Materials | Learned 4 Recycling zone layouts 2955 | -9/Materials | Loaded intel: 2 recycling unit locations 3164 | -9/Materials | Repaired Hardlight Generator 3197 | -9/Materials | Repaired Med. Armor Plating 3233 | -9/Materials | Repaired Arm. Wheel 3417 | -9/Materials | Repaired Med. Armor Plating 3619 | -9/Materials | Entered Mines 3624 | -9/Mines | Learned 8 Materials zone layouts 3714 | -9/Mines | A weapon hastily lodged in a ceiling crevice suddenly fell to the ground 3908 | -9/Mines | Received a Mining Laser from a helpful Derelict 4002 | -9/Mines | Excavation squad dispatched 4002 | -9/Mines | A large section of the Mines collapsed 4762 | -9/Mines | Entered Materials 4762 | -8/Materials | Evolved 2 slots: Propulsion x1, Weapon x1 4763 | -8/Materials | Identified exit to Factory 4844 | -8/Materials | Discovered new exit (range 11) 5052 | -8/Materials | Build established: Tank 5343 | -8/Materials | Identified exit to Storage 5371 | -8/Materials | Discovered exit to Factory (range 13) 5415 | -8/Materials | Learned Storage trap positions 5565 | -8/Materials | Repaired Hardlight Generator 5597 | -8/Materials | Learned Factory emergency access door positions 5618 | -8/Materials | Learned Factory emergency access door positions 5648 | -8/Materials | Learned 4 Lower Caves zone layouts 5689 | -8/Materials | Learned Storage stockpile data 5776 | -8/Materials | Repaired Arm. Wheel 6389 | -8/Materials | Identified exit to Garrison 6389 | -8/Materials | Entered Garrison 6561 | -8/Garrison | Triggered checkpoint 6605 | -8/Garrison | Garrison Relay disabled 6730 | -8/Garrison | Installed Relay Interface Framework 6899 | -8/Garrison | Triggered checkpoint 7051 | -8/Garrison | Expanded RIF knowledge: Structural Interface 7069 | -8/Garrison | Triggered checkpoint 7130 | -8/Garrison | Garrison Relay disabled 7285 | -8/Garrison | Discovered exit to Factory (range 14) 7493 | -8/Garrison | Triggered checkpoint 7493 | -8/Garrison | Build established: Bothacker-Tank 7547 | -8/Garrison | Discovered exit to Factory (range 51) 7547 | -8/Garrison | Discovered exit to Factory (range 23) 7547 | -8/Garrison | Discovered exit to Factory (range 30) 7660 | -8/Garrison | Garrison Relay disabled 7673 | -8/Garrison | Garrison Relay disabled 7771 | -8/Garrison | Entered Factory 7771 | -7/Factory | Evolved 2 slots: Utility x2 7878 | -7/Factory | Central database locked down 8187 | -7/Factory | Repaired Broken Arm. Treads 8460 | -7/Factory | Identified exit to Garrison 8460 | -7/Factory | Entered Garrison 8616 | -7/Garrison | Triggered checkpoint 8706 | -7/Garrison | Discovered new exit (range 14) 8812 | -7/Garrison | Triggered checkpoint 8838 | -7/Garrison | Garrison Relay disabled 8868 | -7/Garrison | Discovered new exit (range 32) 8868 | -7/Garrison | Discovered new exit (range 62) 8868 | -7/Garrison | Discovered new exit (range 20) 8938 | -7/Garrison | Triggered checkpoint 8939 | -7/Garrison | Triggered checkpoint 9052 | -7/Garrison | Expanded RIF knowledge: Autooverride 9068 | -7/Garrison | Triggered checkpoint 9088 | -7/Garrison | Garrison Relay disabled 9660 | -7/Garrison | Entered Factory 9660 | -6/Factory | Accompanied by 1 ally 9660 | -6/Factory | Evolved 2 slots: Utility x2 10219 | -6/Factory | Lost 3 allies 10315 | -6/Factory | Repaired Arm. Huge Wheel+ 10498 | -6/Factory | Lost 7 parts (2n2u3w) 10589 | -6/Factory | Identified exit to Garrison 10589 | -6/Factory | Entered Garrison 10807 | -6/Garrison | Garrison Relay disabled 10854 | -6/Garrison | Found embedded Infiltrators 10919 | -6/Garrison | Triggered checkpoint 10981 | -6/Garrison | Lost 3 allies 10995 | -6/Garrison | Destroyed 7 combat bots 11118 | -6/Garrison | Discovered new exit (range 14) 11151 | -6/Garrison | Triggered checkpoint 11316 | -6/Garrison | Garrison Relay disabled 11385 | -6/Garrison | Garrison Relay disabled 11457 | -6/Garrison | Triggered checkpoint 11527 | -6/Garrison | Expanded RIF knowledge: Alert ID Control 11542 | -6/Garrison | Triggered checkpoint 11558 | -6/Garrison | Discovered new exit (range 13) 11655 | -6/Garrison | Triggered checkpoint 11676 | -6/Garrison | Garrison Relay disabled 11723 | -6/Garrison | Triggered checkpoint 11885 | -6/Garrison | Discovered new exit (range 10) 11895 | -6/Garrison | Triggered checkpoint 11913 | -6/Garrison | Garrison Relay disabled 12047 | -6/Garrison | Entered Factory 12047 | -6/Factory | Accompanied by 8 allies 12123 | -6/Factory | P-60 Hacker assimilated allied MM-N5E(b) 12161 | -6/Factory | Lost 3 allies 12309 | -6/Factory | Identified exit to Garrison 12321 | -6/Factory | Entered Garrison 12321 | -6/Garrison | Accompanied by 4 allies 12339 | -6/Garrison | Spotted Executioner 12339 | -6/Garrison | Spotted Executioner 12359 | -6/Garrison | Build established: Botlord-Gunner 12417 | -6/Garrison | Triggered checkpoint 12428 | -6/Garrison | Expanded RIF knowledge: Coupler Efficiency 12461 | -6/Garrison | Garrison Relay disabled 12546 | -6/Garrison | Spotted B-75 Beast 12569 | -6/Garrison | Triggered checkpoint 12582 | -6/Garrison | Allies destroyed B-75 Beast 12603 | -6/Garrison | Triggered checkpoint 12612 | -6/Garrison | Lost 4 allies 12666 | -6/Garrison | Triggered checkpoint 12777 | -6/Garrison | Triggered checkpoint 12783 | -6/Garrison | Garrison Relay disabled 12977 | -6/Garrison | Triggered checkpoint 12980 | -6/Garrison | Discovered new exit (range 13) 13245 | -6/Garrison | Triggered checkpoint 13332 | -6/Garrison | Garrison Relay disabled 13375 | -6/Garrison | Core integrity fell below 50% 13393 | -6/Garrison | Discovered new exit (range 12) 13397 | -6/Garrison | Triggered checkpoint 13415 | -6/Garrison | Triggered checkpoint 13426 | -6/Garrison | Garrison Relay disabled 13566 | -6/Garrison | Garrison Relay disabled 13572 | -6/Garrison | Triggered checkpoint 13678 | -6/Garrison | Garrison Relay disabled 13693 | -6/Garrison | Triggered checkpoint 13762 | -6/Garrison | Build established: Commander-Gunner 13798 | -6/Garrison | Discovered new exit (range 9) 13813 | -6/Garrison | Spotted B-75 Beast 13830 | -6/Garrison | Destroyed B-75 Beast 13960 | -6/Garrison | Found Gamma Bomb Array 13994 | -6/Garrison | Triggered checkpoint 14019 | -6/Garrison | Discovered new exit (range 3) 14208 | -6/Garrison | Allies destroyed Executioner 14214 | -6/Garrison | Destroyed Executioner 14231 | -6/Garrison | Lost 8 allies 14470 | -6/Garrison | Build established: Botlord-Gunner 14489 | -6/Garrison | Entered Factory 14489 | -6/Factory | Accompanied by 16 allies 14588 | -6/Factory | Repaired Gatling Laser+ 14689 | -6/Factory | Identified exit to Garrison 14724 | -6/Factory | Entered Garrison 14724 | -6/Garrison | Accompanied by 18 allies 14750 | -6/Garrison | Triggered checkpoint 14775 | -6/Garrison | Garrison Relay disabled 14882 | -6/Garrison | Build established: Commander-Gunner 14893 | -6/Garrison | Rescued a captive Derelict 14895 | -6/Garrison | Rescued a captive Derelict 14928 | -6/Garrison | Triggered checkpoint 14936 | -6/Garrison | Triggered checkpoint 14952 | -6/Garrison | P-60 Hacker assimilated allied Guardian 5l 14954 | -6/Garrison | Triggered checkpoint 14954 | -6/Garrison | P-60 Hacker assimilated allied Gladiator 5b 14996 | -6/Garrison | Lost 7 allies 15014 | -6/Garrison | Expanded RIF knowledge: Robot Detection 15064 | -6/Garrison | Triggered checkpoint 15088 | -6/Garrison | Found embedded Infiltrators 15112 | -6/Garrison | Discovered new exit (range 3) 15141 | -6/Garrison | Garrison Relay disabled 15163 | -6/Garrison | P-60 Hacker assimilated allied Guardian 5f 15195 | -6/Garrison | Lost 6 allies 15200 | -6/Garrison | Triggered checkpoint 15227 | -6/Garrison | Triggered checkpoint 15259 | -6/Garrison | Garrison Relay disabled 15266 | -6/Garrison | Build established: Botlord-Gunner 15301 | -6/Garrison | Triggered checkpoint 15321 | -6/Garrison | Discovered new exit (range 10) 15537 | -6/Garrison | Garrison Relay disabled 15669 | -6/Garrison | Discovered new exit (range 14) 15729 | -6/Garrison | Triggered checkpoint 15755 | -6/Garrison | Garrison Relay disabled 16043 | -6/Garrison | Spotted B-75 Beast 16047 | -6/Garrison | Hijacked Beast 5a control node with streamctrl_high 16072 | -6/Garrison | Destroyed Beast 5a 16083 | -6/Garrison | Found Relay Coupler [Proto] 16086 | -6/Garrison | Found Relay Coupler [Proto] 16090 | -6/Garrison | Found Relay Coupler [Proto] 16092 | -6/Garrison | Found Relay Coupler [Proto] 16263 | -6/Garrison | Entered Factory 16263 | -5/Factory | Accompanied by 12 allies 16263 | -5/Factory | Evolved 2 slots: Utility x2 16648 | -5/Factory | Lost 7 allies 16758 | -5/Factory | P-80 Master assimilated allied BL-T8B(x) 16759 | -5/Factory | Identified exit to Garrison 16761 | -5/Factory | Entered Garrison 16761 | -5/Garrison | Accompanied by 1 ally 16796 | -5/Garrison | Triggered checkpoint 17024 | -5/Garrison | Triggered checkpoint 17039 | -5/Garrison | Garrison Relay disabled 17143 | -5/Garrison | Garrison Relay disabled 17156 | -5/Garrison | Triggered checkpoint 17246 | -5/Garrison | Triggered checkpoint 17251 | -5/Garrison | Triggered checkpoint 17302 | -5/Garrison | Triggered checkpoint 17371 | -5/Garrison | Triggered checkpoint 17389 | -5/Garrison | Discovered new exit (range 3) 17442 | -5/Garrison | Discovered new exit (range 9) 17534 | -5/Garrison | Triggered checkpoint 17541 | -5/Garrison | Triggered checkpoint 17619 | -5/Garrison | Expanded RIF knowledge: Hotswap 17686 | -5/Garrison | Discovered new exit (range 3) 17711 | -5/Garrison | Garrison Relay disabled 17870 | -5/Garrison | Rewired Executioner 17873 | -5/Garrison | Rewired Executioner 17903 | -5/Garrison | Triggered checkpoint 17912 | -5/Garrison | Discovered new exit (range 12) 17925 | -5/Garrison | Discovered new exit (range 91) 17925 | -5/Garrison | Discovered new exit (range 62) 17925 | -5/Garrison | Discovered new exit (range 16) 17925 | -5/Garrison | Discovered new exit (range 97) 17941 | -5/Garrison | Triggered checkpoint 17959 | -5/Garrison | Garrison Relay disabled 18029 | -5/Garrison | Triggered checkpoint 18167 | -5/Garrison | Lost 4 allies 18167 | -5/Garrison | Spotted B-75 Beast 18182 | -5/Garrison | Garrison Relay disabled 18184 | -5/Garrison | Garrison Relay disabled 18258 | -5/Garrison | Assimilated Beast 6a with formatsys_high 18289 | -5/Garrison | Found Relay Coupler [Proto] 18292 | -5/Garrison | Found Relay Coupler [Proto] 18296 | -5/Garrison | Found Relay Coupler [Proto] 18300 | -5/Garrison | Found Relay Coupler [Proto] 18618 | -5/Garrison | Entered Factory 18618 | -5/Factory | Accompanied by 11 allies 18807 | -5/Factory | Spotted B-75 Beast 18814 | -5/Factory | Allies destroyed B-75 Beast 18848 | -5/Factory | Identified exit to Garrison 18866 | -5/Factory | Entered Garrison 18866 | -5/Garrison | Accompanied by 11 allies 18880 | -5/Garrison | Spotted B-75 Beast 18883 | -5/Garrison | Assimilated Beast 6b with formatsys_high 18937 | -5/Garrison | Garrison Relay disabled 19002 | -5/Garrison | Triggered checkpoint 19005 | -5/Garrison | H-XX Assembler disabled 19195 | -5/Garrison | Spotted B-75 Beast 19205 | -5/Garrison | Triggered checkpoint 19206 | -5/Garrison | Triggered checkpoint 19207 | -5/Garrison | Triggered checkpoint 19211 | -5/Garrison | Triggered checkpoint 19216 | -5/Garrison | Destroyed B-75 Beast 19268 | -5/Garrison | Lost 7 allies 19337 | -5/Garrison | Discovered new exit (range 3) 19356 | -5/Garrison | Triggered checkpoint 19367 | -5/Garrison | Garrison Relay disabled 19425 | -5/Garrison | Discovered new exit (range 87) 19425 | -5/Garrison | Discovered new exit (range 53) 19425 | -5/Garrison | Discovered new exit (range 15) 19537 | -5/Garrison | Expanded RIF knowledge: Autooverride 19597 | -5/Garrison | Spotted B-75 Beast 19597 | -5/Garrison | Spotted B-75 Beast 19614 | -5/Garrison | Destroyed B-75 Beast 19631 | -5/Garrison | Allies destroyed B-75 Beast 19899 | -5/Garrison | Spotted Striker 19899 | -5/Garrison | Spotted Striker 19912 | -5/Garrison | Hijacked Striker control node with streamctrl_high 19929 | -5/Garrison | Allies destroyed Striker 19963 | -5/Garrison | Destroyed Striker 19976 | -5/Garrison | Rewired Striker 19984 | -5/Garrison | Rewired Striker 20015 | -5/Garrison | Triggered checkpoint 20039 | -5/Garrison | Garrison Relay disabled 20449 | -5/Garrison | Entered Factory 20449 | -4/Factory | Accompanied by 10 allies 20449 | -4/Factory | Evolved 2 slots: Utility x2 20652 | -4/Factory | Repaired Biometal Leg 20682 | -4/Factory | Repaired Centrium Light Armor Plating 20795 | -4/Factory | P-70 Sage assimilated allied Soldier 6f 20833 | -4/Factory | Lost 6 allies 20978 | -4/Factory | P-70 Sage assimilated allied Soldier 6d 21015 | -4/Factory | Identified exit to Garrison 21019 | -4/Factory | Entered Garrison 21024 | -4/Garrison | Spotted B-90 Cyclops 21038 | -4/Garrison | Lost 6 allies 21047 | -4/Garrison | Assimilated Cyclops 7a with formatsys_high 21050 | -4/Garrison | Rewired B-75 Beast 21159 | -4/Garrison | Triggered checkpoint 21174 | -4/Garrison | Garrison Relay disabled 21337 | -4/Garrison | Spotted B-86 Titan 21367 | -4/Garrison | Allies destroyed B-86 Titan 21458 | -4/Garrison | Spotted B-86 Titan 21465 | -4/Garrison | Triggered checkpoint 21483 | -4/Garrison | Triggered checkpoint 21484 | -4/Garrison | Allies destroyed B-86 Titan 21519 | -4/Garrison | Triggered checkpoint 21548 | -4/Garrison | Lost 5 allies 21557 | -4/Garrison | Discovered new exit (range 15) 21613 | -4/Garrison | Triggered checkpoint 21675 | -4/Garrison | Garrison Relay disabled 21756 | -4/Garrison | Discovered new exit (range 15) 21764 | -4/Garrison | Build established: Botlord-Tank 21782 | -4/Garrison | Garrison Relay disabled 21832 | -4/Garrison | Triggered checkpoint 21854 | -4/Garrison | Garrison Relay disabled 22058 | -4/Garrison | Expanded RIF knowledge: Code Merge 22080 | -4/Garrison | Found embedded Infiltrators 22092 | -4/Garrison | Garrison Relay disabled 22136 | -4/Garrison | Discovered new exit (range 3) 22451 | -4/Garrison | Entered Factory 22451 | -4/Factory | Accompanied by 6 allies 22816 | -4/Factory | Discovered new exit (range 11) 23418 | -4/Factory | Identified exit to Garrison 23451 | -4/Factory | Entered Garrison 23451 | -4/Garrison | Accompanied by 7 allies 23499 | -4/Garrison | Build established: Botlord-Mutant 23560 | -4/Garrison | Spotted Executioner 23560 | -4/Garrison | Spotted Executioner 23560 | -4/Garrison | Found Unknown Launcher 23560 | -4/Garrison | Identified Fusion Bomb Launcher 23564 | -4/Garrison | Assimilated Executioner with formatsys_high 23566 | -4/Garrison | Allies destroyed Executioner 23647 | -4/Garrison | Triggered checkpoint 23674 | -4/Garrison | Garrison Relay disabled 23696 | -4/Garrison | Garrison Relay disabled 23755 | -4/Garrison | Lost 3 allies 23876 | -4/Garrison | Triggered checkpoint 23879 | -4/Garrison | P-70 Sage assimilated allied BD-ERZ(g) 23885 | -4/Garrison | Triggered checkpoint 23922 | -4/Garrison | Triggered checkpoint 23977 | -4/Garrison | Build established: Botlord-Tank 23994 | -4/Garrison | Triggered checkpoint 24007 | -4/Garrison | Garrison Relay disabled 24129 | -4/Garrison | Triggered checkpoint 24131 | -4/Garrison | Discovered new exit (range 13) 24303 | -4/Garrison | Triggered checkpoint 24357 | -4/Garrison | Garrison Relay disabled 24391 | -4/Garrison | P-70 Sage assimilated allied Sentinel 7i 24474 | -4/Garrison | Discovered new exit (range 10) 24591 | -4/Garrison | Expanded RIF knowledge: Zone Cloak 24662 | -4/Garrison | Triggered checkpoint 24711 | -4/Garrison | Triggered checkpoint 24732 | -4/Garrison | Garrison Relay disabled 24788 | -4/Garrison | Discovered new exit (range 10) 24958 | -4/Garrison | Entered Research 24958 | -3/Research | Accompanied by 15 allies 24958 | -3/Research | Evolved 2 slots: Utility x2 25032 | -3/Research | Lost 4 allies 25274 | -3/Research | Lost 5 allies 25357 | -3/Research | Garrison activated, responded to threat 25458 | -3/Research | First assault squad dispatched 25846 | -3/Research | Unchained authorized (1B-0RG) 25903 | -3/Research | Lost 4 allies 26016 | -3/Research | Identified exit to Garrison 26016 | -3/Research | Watched by a mysterious "MATRIX" hacker 26016 | -3/Research | Entered Garrison 26040 | -3/Garrison | Discovered new exit (range 48) 26040 | -3/Garrison | Discovered new exit (range 43) 26040 | -3/Garrison | Discovered new exit (range 66) 26062 | -3/Garrison | Triggered checkpoint 26091 | -3/Garrison | Garrison Relay disabled 26236 | -3/Garrison | Triggered checkpoint 26288 | -3/Garrison | Triggered checkpoint 26290 | -3/Garrison | Triggered checkpoint 26339 | -3/Garrison | Destroyed 13 combat bots 26517 | -3/Garrison | Garrison Relay disabled 26646 | -3/Garrison | Expanded RIF knowledge: Coupler Efficiency 26683 | -3/Garrison | Found embedded Infiltrators 26692 | -3/Garrison | Triggered checkpoint 26706 | -3/Garrison | Garrison Relay disabled 26913 | -3/Garrison | Found Gamma Bomb Array 26917 | -3/Garrison | Spotted B-86 Titan 26935 | -3/Garrison | Destroyed B-86 Titan 26951 | -3/Garrison | Found Relay Coupler [Proto] 26954 | -3/Garrison | Found Relay Coupler [Proto] 26956 | -3/Garrison | Found Relay Coupler [Proto] 26958 | -3/Garrison | Found Relay Coupler [Proto] 26981 | -3/Garrison | Found Gamma Bomb Array 27010 | -3/Garrison | Entered Research 27010 | -2/Research | Evolved 2 slots: Power x1, Utility x1 27092 | -2/Research | Discovered new exit (range 15) 27502 | -2/Research | Entered Testing 27502 | -2/Testing | Accompanied by 1 ally 27512 | -2/Testing | Spotted Superbehemoth 27513 | -2/Testing | Assimilated Superbehemoth with formatsys_high 27532 | -2/Testing | Garrison activated, responded to threat 27608 | -2/Testing | Found Prototype Hackware 27643 | -2/Testing | System corruption reached 10% 27685 | -2/Testing | Found Prototype Hackware 28063 | -2/Testing | Identified System Mapper 28063 | -2/Testing | Identified Ghost Barrier 28104 | -2/Testing | Discovered new exit (range 14) 28210 | -2/Testing | Found Smartbomb Launcher 28278 | -2/Testing | Found Exp. Force Field 28284 | -2/Testing | Found Com. Tesla Bomb Launcher 28326 | -2/Testing | Found Prototype Energy Cannon 28350 | -2/Testing | Identified Cld. Nova Cannon 28502 | -2/Testing | First assault squad dispatched 28588 | -2/Testing | Spotted Fortress 28609 | -2/Testing | Assimilated Fortress with formatsys_high 29791 | -2/Testing | Found Prototype Leg 29900 | -2/Testing | Scanned by Researcher 30097 | -2/Testing | Identified Myomer Exoskeleton 30109 | -2/Testing | Found SHELL Armor 30113 | -2/Testing | Found Hvy. Regenerative Plating 30470 | -2/Testing | Central database locked down 30613 | -2/Testing | Found Prototype Protection 30613 | -2/Testing | Identified Lgt. Regenerative Plating 30769 | -2/Testing | Core integrity fell below 50% 30781 | -2/Testing | Build established: Botlord-Mutant 30787 | -2/Testing | Core integrity fell below 20% 30800 | -2/Testing | Destroyed by Q406-g with Heavy Hardcell Cannon Last Messages --------------- 30790_ P-80 Master destroyed. 30791_ Penetrated by Slug. 30791_ Slug penetrates Wall. 30791_ K-01 Serf collects debris. 30792_ Centrium Leg destroyed. 30793_ U-05 Engineer builds a Wall. 30795_ Relay Coupler [Behemoth] destroyed. 30795_ Exp. Force Field destroyed. 30795_ U-05 Engineer system corrupted by crushing effect. 30796_ System corrupted: Heat flow error (+247). 30796_ U-05 Engineer system terminally corrupted. 30796_ K-01 Serf collects debris. 30797_ Slug penetrates Wall. 30798_ Knocked back. 30798_ K-01 Serf system corrupted by crushing effect. 30799_ Acquired 30 matter. 30799_ K-01 Serf system terminally corrupted. 30799_ Sneak attack on K-01 Serf. 30799_ Destroyed Lgt. Ion Engine. 30799_ K-01 Serf destroyed. Map ----- +----------------------------------------------------+ | ???# "" " !" ##########!=%[####### | | ???#* "F / * !! " ====%%= #????? | | ???# # ==% %!% =*=####??? | | ???# """"""" # ! =[ [ %=## ##?? | | ???# """"""" # # #= %#! ### | | ??????"""""" ######## ## =#*%%=%#% #! | | ??????? #??????# % ## #=%!=!%! %= | | ???????#######??????# % ###########% !% | | ???????????????????"" % # ![!=[## | | ??????????????????""" # !!%!*####" | | ??????????????????"R # % %[ !#??## | | ??????????????????""" # ![!""#??#" | | ??????????????????""" """"" # % %G#??#" ! | | ???????????????????## """"" # ""#??#" ! | | ????????????????????# """"" # ""#??#" | | ????????????????????# # ""#??## | | ????????????????????# # #######"" | | ????????????????????# + # = | | ????????????????????# % # # | | ????????????????######### # # | | ????????????????# # # """ # "=" | | ????????????????# "" +|! + """ # " " | | ????????????????# S"" #=####### """ # """ | | ????????????????# "" #!##????# """ # ?? | | ????????????????# #!##????# """??#####?### | | ????????????????#########@##????? ??????????? | | ?????????????????????####[###????#####???????????? | | ?????????????????????#!%%Q#[#????????????????????? | | ?????????????????????#%%#####????????????????????? | | ????????????????????##!#?????????????????????????? | | ???##############???#"!#####????????????????###### | | ???#"""""## #??# %[%!!!#???#####????????#""""" | | ???#" " " # ####*#%*######## #????????# """" | | ???#" " + " ===%!*!! #????????# "!! | | ???# # ##!###%%"####### #????????# " [[ | | ???##"]"### ###?%*%=!!?????## ##????????# != | | ?????" "??## ##??#!!!== "?????# #?????????# | | ############ #???# != ##????# #?????????#####+ | | """" """" + #???# !!!#?????# #????????????# | | """" """" # #???# !!!#?????# #????????????# | | """" """" # #???# !! #?????#=#????????????# | | """" """" # #???#+#"####?????#=#????????????# | | | # #???# # ??? ?????#%#?????######?# | | = # #??## ##??? #????#[###???# !! #?#$% | | # ####" ######"#####[## #??##"!"#?# $ | | ############ % / ! ## ###" !T#?# | | ?????########+####"#### ##### ### ## ##?# | | ?????# ! ###??# #???# """ ## #"# ### | | ?????#! ######+###?# """ " "" | | ?????# # ### =""" ###### | +----------------------------------------------------+ Best States ------------- Heat Dissipation 139 Coolant Potential 120 Energy Generation 41 Energy Capacity 1550 Matter Stores 300 Matter Capacity 800 Sight Range 20 Terrain Scan Density 10 Jamming Range 14 Additional Mass Support 12 Corruption Containment 12 Corruption Block 20 Armor Coverage 1800 Resistance: KI 30 Resistance: TH 20 Resistance: EX 50 Utility Shielding 66 Weapon Cycling 25 Phase Shifting 15 Evasion (%) 70 Target Analysis 8 Core Analysis 6 Recoil Reduction 4 Offensive Hacking 12 Defensive Hacking 12 Relay Coupler Types 8 Relay Coupler Value 272 Item Schematics ----------------- Huge Storage Unit | -4/Factory | Scanalyzed Adv. Drone Bay | -2/Testing | Reported Centrium Heavy Treads | -2/Testing | Reported Prc. Matter Filter | -2/Testing | Reported Lrn. Phase Cannon | -2/Testing | Reported Exp. Actuator Array | -2/Testing | Reported Exp. Matter Compressor | -2/Testing | Reported Hvy. Tesla Rifle | -2/Testing | Reported Dispersion Rifle | -2/Testing | Reported Cld. Plasma Rifle | -2/Testing | Reported Adv. EM Shield | -2/Testing | Reported Hvy. Neutron Cannon | -2/Testing | Archive Imp. Matter Compressor | -2/Testing | Archive Exp. System Guard | -2/Testing | Archive Tiamat Missile Launcher | -2/Testing | Archive Imp. Thermal Defense Suite | -2/Testing | Archive Exp. Target Analyzer | -2/Testing | Archive Enh. Gamma Bomb Array | -2/Testing | Archive Hds. Centrium Leg | -2/Testing | Archive Thermal Barrier | -2/Testing | Archive Adv. Gravity Neutralizer | -2/Testing | Archive Adv. Energy Well | -2/Testing | Archive Spectral Analyzer | -2/Testing | Archive Multireflex Exoskeleton | -2/Testing | Archive Exp. Hacking Suite | -2/Testing | Archive Robot Schematics ------------------ G-73 Enforcer | -2/Testing | Archive M-30 Cleanser | -2/Testing | Archive S-43 Plague | -2/Testing | Archive Y-72 Warden | -2/Testing | Archive B-74 Champion | -2/Testing | Archive C-55 Analyst | -2/Testing | Archive A-02 Transporter | -2/Testing | Archive Fabricated ------------ Nothing Repaired ---------- Hardlight Generator | 3% | -9/Materials Med. Armor Plating | 67% | -9/Materials Arm. Wheel | 34% | -9/Materials Med. Armor Plating | 62% | -9/Materials Hardlight Generator | 53% | -8/Materials Arm. Wheel | 85% | -8/Materials Arm. Treads | 60% | -7/Factory | Broken Arm. Huge Wheel | 13% | -6/Factory Gatling Laser | 20% | -6/Factory Biometal Leg | 33% | -4/Factory Centrium Light Armor Plating | 54% | -4/Factory Studied --------- Hvy. Assault Rifle | -9/Materials | Hacked Lgt. Ion Engine | -9/Materials | Hacked Lgt. Treads | -9/Materials | Hacked Gatling Laser | -7/Factory | Hacked Arm. Huge Wheel | -7/Factory | Hacked Imp. Datajack | -7/Factory | Hacked Thermic Laser | -6/Factory | Hacked Enh. Nova Cannon | -2/Testing | Hacked Com. HERF Cannon | -2/Testing | Hacked Lgt. Quantum Reactor | -2/Testing | Hacked Adv. Remote Datajack | -2/Testing | Hacked Alien Tech Used ----------------- None Achievements -------------- None Challenges ------------ None Game ------ Seed MetafiberRocketBattery Manual? 0 Play Time 06:49:49 Cumulative 1716.6 hours Start 2026.07.21 @ 11:01:26 End 2026.08.03 @ 04:07:30 Sessions 11 Manual Loads 0 Difficulty Rogue Special Mode None Game No. 521 Rogue 513 Adventurer 4 Explorer 4 Win Type - Total 67 Types 31/9/4/4/2/4/6/2/3/2 Lore% 97 Gallery% 96 Achievement% 91 Wizard Run 0 Options --------- Layout 0 ASCII 0 Keyboard 0 Movement Numpad Keybinds 0 Fullscreen 2 Font 18/SmallcapsGlow Map View 76x50 Zoom Use 0% Tactical HUD 1 Map Filters NONE Filters NONE Steam 1 RUN: b7d5c5d7-7498-43c0-9adc-a9978f3e5f88